 Dungeon Crawl Stone Soup version 0.30.0-10-gfe55d96785 (webtiles) character file.

Game seed: 9694035928941575025

12642725 ojifijod the Conqueror (level 27, 300/300 HPs)
             Began as a Minotaur Monk on May 15, 2023.
             Was the Champion of the Shining One.
             Escaped with the Orb
             ... and 15 runes on May 16, 2023!
             The game lasted 04:28:48 (127320 turns).

ojifijod the Conqueror (Minotaur Monk)            Turns: 127320, Time: 04:28:49

Health: 300/300    AC: 64    Str: 27    XL:     27
Magic:  26/39      EV: 23    Int:  7    God:    the Shining One [******]
Gold:   15604      SH: 22    Dex: 22    Spells: 26/26 levels left

rFire   + . .        z - +4 consecrated labrys {holy, Valiant Fragile Fly SInv}
rCold   + + +        g - +2 kite shield {rC+}
rNeg    + + +        K - +7 crystal plate armour of Optimism {rElec rPois rF+ Int+2}
rPois   +            m - +1 hat of the Lemon {rElec Slay+5}
rElec   +            P - +5 cloak of Riaganyrche {Fly Regen+ Dex-3}
rCorr   .            p - +3 Mad Mage's Maulers {Infuse+∞ VampMP -Cast}
SInv    +            a - +3 pair of mountain boots {steadfast, rC+}
Will    +++++        M - amulet of the Four Winds {rN+ Will+++ Clar} Stlth
                     S - ring of the Archfiend {rC+ Will+ Dex+3}
HPRegen 1.50/turn    W - ring of the Tortoise {AC+8}
MPRegen 0.26/turn

%: no spellcasting, clarity, infuse magic (26 MP)
@: flying, glowing
A: horns 2, retaliatory headbutt, hooves 1, agile 2, deterioration 1, robust 1
0: Orb of Zot
}: 15/15 runes: decaying, serpentine, slimy, silver, golden, iron, obsidian,
icy, bone, abyssal, demonic, glowing, magical, fiery, dark
a: Renounce Religion, Divine Shield, Cleansing Flame, Summon Divine Warrior,
Brand Weapon With Holy Wrath


You escaped.
You worshipped the Shining One.
The Shining One was exalted by your worship.
You visited 18 branches of the dungeon, and saw 88 of its levels.
You visited Pandemonium 1 time, and saw 16 of its levels.
You visited the Abyss 6 times.
You also visited: Trove, Ossuary, Gauntlet and Desolation.

You collected 16432 gold pieces.
You spent 828 gold pieces at shops.

Inventory:

Hand Weapons
 z - the +4 consecrated labrys (weapon) {holy, Valiant Fragile Fly SInv}
   (You found it on level 5 of the Vaults)

   Valiant:   It becomes more powerful as more dangerous foes come into view.
   SInv:      It lets you see invisible.
   Fly:       It grants you flight.
   Fragile:   It will be destroyed if unequipped.
Missiles
 n - 15 throwing nets (quivered)
 w - 4 silver javelins
 R - 31 curare-tipped darts
Armour
 a - the +3 pair of mountain boots (worn) {steadfast, rC+}
   (Okawaru gifted it to you on level 3 of the Depths)

   Steadfast: It prevents involuntary movement, except for blinking,
   teleportation, or banishment.
   rC:        It protects you from cold.
 d - the +1 pair of gloves of Wasted Space {rF+}
   (Okawaru gifted it to you on level 4 of the Depths)

   rF:        It protects you from fire.
 g - a +2 kite shield of cold resistance (worn)
 m - the +1 hat of the Lemon (worn) {rElec Slay+5}
   (You found it in a treasure trove)

   Slay:      It affects your accuracy & damage with ranged weapons and melee
   (+5).
   rElec:     It insulates you from electricity.
 p - the +3 Mad Mage's Maulers (worn) {Infuse+∞ VampMP -Cast}
   (You found it in a treasure trove)

   Infuse+∞: It empowers its wearer's blows with all of their magic.
   VampMP:    Blows struck in melee replenish the wearer's magic.
   -Cast:     It prevents spellcasting.
 x - the +2 hat of the Dropbear {rF+ Will+}
   (You found it on level 5 of the Vaults)

   rF:        It protects you from fire.
   Will:      It increases your willpower.
 K - the +7 crystal plate armour of Optimism (worn) {rElec rPois rF+ Int+2}
   (Okawaru gifted it to you on level 3 of the Snake Pit)

   Int:       It affects your intelligence (+2).
   rF:        It protects you from fire.
   rElec:     It insulates you from electricity.
   rPois:     It protects you from poison.
 P - the +5 cloak of Riaganyrche (worn) {Fly Regen+ Dex-3}
   (Okawaru gifted it to you on level 1 of the Depths)

   Dex:       It affects your dexterity (-3).
   Fly:       It grants you flight.
   Regen:     It increases your rate of health regeneration.
Jewellery
 b - an amulet of the acrobat
 r - the amulet "Loxan" {Faith Regen+}
   (You took it off a demonspawn warmonger in Pandemonium)

   [amulet of faith]

   It allows you to gain divine favour quickly.
   Regen:     It increases your rate of health regeneration.
 M - the amulet of the Four Winds (around neck) {rN+ Will+++ Clar}
   (You found it on level 3 of the Tomb of the Ancients)

   [amulet of nothing]

   rN:        It protects you from negative energy.
   Clar:      It protects you from confusion, rage, mesmerisation and fear.
   Will:      It greatly increases your willpower.
 S - the ring of the Archfiend (left hand) {rC+ Will+ Dex+3}
   (You found it in the Desolation of Salt)

   [ring of protection from cold]

   Dex:       It affects your dexterity (+3).
   rC:        It protects you from cold.
   Will:      It increases your willpower.
 T - a +6 ring of intelligence
 V - the amulet of Obsession {Regen+ rCorr Str-3 Int+3}
   (You took it off an ironbound convoker in the Desolation of Salt)

   [amulet of regeneration]

   Str:       It affects your strength (-3).
   Int:       It affects your intelligence (+3).
   Regen:     It increases your rate of health regeneration.
   rCorr:     It protects you from acid and corrosion.
 W - the ring of the Tortoise (right hand) {AC+8}
   (You took it off an ironbound preserver on level 5 of the Vaults)

   [ring of protection]

   AC:        It affects your AC (+8).
Wands
 j - a wand of roots (51)
 F - a wand of mindburst (33)
 H - a wand of paralysis (120)
 I - a wand of acid (31)
 N - a wand of flame (116)
 Q - a wand of digging (8)
Scrolls
 e - 2 scrolls of magic mapping
 k - 23 scrolls of teleportation
 s - 17 scrolls of fear
 t - 2 scrolls of enchant armour
 v - a scroll of enchant weapon
 y - 2 scrolls of brand weapon
 C - 11 scrolls of poison
 J - 9 scrolls of blinking
 U - 9 scrolls of immolation
 X - 3 scrolls of silence
 Y - 4 scrolls of fog
Potions
 c - 4 potions of ambrosia
 f - 5 potions of might
 h - 3 potions of mutation
 l - 32 potions of curing
 o - 6 potions of attraction
 q - 4 potions of cancellation
 u - 13 potions of lignification
 A - 3 potions of magic
 B - 10 potions of heal wounds
 D - 7 potions of haste
 G - 6 potions of berserk rage
 L - a potion of brilliance
 O - 5 potions of invisibility
 Z - 8 potions of resistance
Miscellaneous
 i - a phantom mirror
 E - a figurine of a ziggurat


   Skills:
 O Level 27 Fighting
 O Level 27 Axes
 - Level 13.4(21.8) Maces & Flails
 O Level 27 Throwing
 O Level 27 Armour
 O Level 27 Dodging
 + Level 13.1 Stealth
 O Level 27 Shields
 O Level 27 Invocations
 + Level 18.1 Evocations


You had 26 spell levels left.
You didn't know any spells.
Your spell library contained the following spells:

 Spells                   Type           Power      Damage    Failure   Level
 Apportation              Tloc           0%         N/A       96%         1
 Beastly Appendage        Tmut           0%         N/A       96%         1
 Foxfire                  Conj/Fire      0%         2x1d4     96%         1
 Freeze                   Ice            0%         1d3       96%         1
 Kiss of Death            Conj/Necr      0%         2d5       96%         1
 Magic Dart               Conj           0%         1d3       96%         1
 Necrotise                Necr           0%         1d4       96%         1
 Sandblast                Erth           0%         2d4       96%         1
 Shock                    Conj/Air       0%         1d3       96%         1
 Sting                    Tmut/Pois      0%         1d3       96%         1
 Summon Small Mammal      Summ           0%         N/A       96%         1
 Blink                    Tloc           0%         N/A       99%         2
 Call Imp                 Summ           0%         N/A       99%         2
 Cigotuvi's Dreadful Rot  Necr/Pois/Air  0%         N/A       99%         2
 Ensorcelled Hibernation  Hex/Ice        0%         N/A       99%         2
 Lesser Beckoning         Tloc           0%         N/A       99%         2
 Momentum Strike          Conj/Tloc      0%         3d8       99%         2
 Passwall                 Tmut/Erth      0%         N/A       99%         2
 Poisonous Vapours        Pois/Air       0%         N/A       99%         2
 Scorch                   Fire           0%         2d5       99%         2
 Searing Ray              Conj           0%         2d4       99%         2
 Static Discharge         Conj/Air       0%         2-2/arc   99%         2
 Sublimation of Blood     Necr           0%         N/A       99%         2
 Wereblood                Tmut           0%         N/A       99%         2
 Call Canine Familiar     Summ           0%         N/A       100%        3
 Confusing Touch          Hex            0%         N/A       100%        3
 Dazzling Flash           Conj/Hex       0%         N/A       100%        3
 Frozen Ramparts          Ice            0%         1d1       100%        3
 Gell's Gravitas          Tloc           0%         N/A       100%        3
 Hailstorm                Conj/Ice       0%         3d3       100%        3
 Ignite Poison            Fire/Tmut/Pois 0%         N/A       100%        3
 Inner Flame              Hex/Fire       0%         N/A       100%        3
 Mephitic Cloud           Conj/Pois/Air  0%         N/A       100%        3
 Portal Projectile        Hex/Tloc       0%         N/A       100%        3
 Spider Form              Tmut/Pois      0%         N/A       100%        3
 Stone Arrow              Conj/Erth      0%         3d7       100%        3
 Summon Guardian Golem    Hex/Summ       0%         N/A       100%        3
 Swiftness                Air            0%         N/A       100%        3
 Teleport Other           Tloc           0%         N/A       100%        3
 Tukima's Dance           Hex            0%         N/A       100%        3
 Vampiric Draining        Necr           0%         2d6       100%        3
 Vhi's Electric Charge    Tloc/Air       0%         N/A       100%        3
 Volatile Blastmotes      Fire/Tloc      0%         2d10      100%        3
 Airstrike                Air            0%         2d(0-16)  100%        4
 Anguish                  Hex/Necr       0%         N/A       100%        4
 Animate Armour           Summ/Erth      0%         N/A       100%        4
 Animate Dead             Necr           0%         N/A       100%        4
 Cause Fear               Hex            0%         N/A       100%        4
 Dispel Undead            Necr           0%         3d6       100%        4
 Flame Wave               Conj/Fire      0%         2d4       100%        4
 Fulminant Prism          Conj/Hex       0%         3d5       100%        4
 Ice Form                 Ice/Tmut       0%         N/A       100%        4
 Iskenderun's Mystic Bla  Conj/Tloc      0%         2d3       100%        4
 Manifold Assault         Tloc           0%         N/A       100%        4
 Olgreb's Toxic Radiance  Pois           0%         N/A       100%        4
 Petrify                  Tmut/Erth      0%         N/A       100%        4
 Sticky Flame             Conj/Fire      0%         2d3       100%        4
 Summon Ice Beast         Ice/Summ       0%         N/A       100%        4
 Summon Lightning Spire   Summ/Air       0%         N/A       100%        4
 Agony                    Necr           0%         N/A       100%        5
 Alistair's Intoxication  Tmut/Pois      0%         N/A       100%        5
 Arcjolt                  Conj/Air       0%         1d10      100%        5
 Blade Hands              Tmut           0%         N/A       100%        5
 Borgnjor's Vile Clutch   Necr/Erth      0%         N/A       100%        5
 Fireball                 Conj/Fire      0%         3d3       100%        5
 Freezing Cloud           Conj/Ice/Air   0%         6-21      100%        5
 Iskenderun's Battlesphe  Conj           0%         2d6       100%        5
 Lee's Rapid Deconstruct  Erth           0%         3d4*      100%        5
 Metabolic Englaciation   Hex/Ice        0%         N/A       100%        5
 Silence                  Hex/Air        0%         N/A       100%        5
 Summon Mana Viper        Hex/Summ       0%         N/A       100%        5
 Yara's Violent Unravell  Hex/Tmut       0%         3d3       100%        5
 Conjure Ball Lightning   Conj/Air       0%         3x3d6     100%        6
 Death Channel            Necr           0%         N/A       100%        6
 Dispersal                Tloc           0%         N/A       100%        6
 Eringya's Noxious Bog    Tmut/Pois      0%         N/A       100%        6
 Iron Shot                Conj/Erth      0%         9d1       100%        6
 Plasma Beam              Fire/Air       0%         2x1d11    100%        6
 Simulacrum               Ice/Necr       0%         N/A       100%        6
 Starburst                Conj/Fire      0%         6d3       100%        6
 Summon Cactus Giant      Summ           0%         N/A       100%        6
 Dragon Form              Tmut           0%         N/A       100%        7
 Enfeeble                 Hex            0%         N/A       100%        7
 Haunt                    Necr/Summ      0%         N/A       100%        7
 Malign Gateway           Summ/Tloc      0%         N/A       100%        7
 Monstrous Menagerie      Summ           0%         N/A       100%        7
 Orb of Destruction       Conj           0%         9d5       100%        7
 Spellforged Servitor     Conj/Summ      0%         N/A       100%        7
 Storm Form               Tmut/Air       0%         N/A       100%        7
 Summon Hydra             Summ           0%         N/A       100%        7
 Borgnjor's Revivificati  Necr           0%         N/A       100%        8
 Disjunction              Tloc           0%         N/A       100%        8
 Ignition                 Fire           0%         3d3       100%        8
 Lehudib's Crystal Spear  Conj/Erth      0%         10d2      100%        8
 Maxwell's Capacitive Co  Air            0%         ∞         100%        8
 Necromutation            Tmut/Necr      0%         N/A       100%        8
 Death's Door             Necr           0%         N/A       100%        9
 Dragon's Call            Summ           0%         N/A       100%        9


Dungeon Overview and Level Annotations

Branches:
Dungeon (15/15)            Temple (1/1) D:4            Lair (5/5) D:11
  Swamp (4/4) Lair:2        Snake (4/4) Lair:3        Slime (5/5) Lair:5
    Orc (2/2) D:11            Elf (3/3) Orc:2        Vaults (5/5) D:13
  Crypt (3/3) Vaults:2       Tomb (3/3) Crypt:3      Depths (4/4) D:15
   Hell (visited)             Dis (7/7) Hell            Geh (7/7) Hell
    Coc (7/7) Hell            Tar (7/7) Hell            Zot (5/5) Depths:4
Ossuary (visited)         Desolation (visited)      Gauntlet (visited)

Altars:
Ashenzari
Elyvilon
Fedhas
Hepliaklqana
Kikubaaqudgha
Makhleb
Nemelex Xobeh
Okawaru
Qazlal
Ru
Sif Muna
Trog
Uskayaw
Vehumet
Wu Jian
Yredelemnul
Zin
The Shining One
Jiyva

Shops:
D:3 *   D:7 [   D:10 ?   D:12 *   Orc:2 [*:[   Elf:1 (   Vaults:3 [(
Vaults:4 (

Portals:
Hell: Depths:1 Depths:2 Depths:3 Depths:4
Abyss: Depths:3
Pandemonium: Depths:2 Depths:3
Ziggurat: Depths:1

Annotations:
Lair:4 exclusion: oklob plant
Geh:4 12 runed translucent doors
Tar:1 36 runed doors


Innate Abilities, Weirdness & Mutations

You have a pair of horns on your head.
You reflexively headbutt those who attack you in melee.
You have large cloven feet.
You are very agile. (Dex +8, Str/Int -2)
Your body sometimes deteriorates upon taking damage.
You are robust. (+10% HP)


Message History

(H) Hell (I) Dis (G) Gehenna (X) Cocytus (Y) Tartarus (Z) Zot
Where to? (Enter - D:5, ? - help)
An Orb Guardian comes into view.
You block the Orb Guardian's attack.
You chop the Orb Guardian into pieces!!!!
You kill the Orb Guardian!
No target in view!
There is a stone staircase leading up here.
You fly upwards.
There is a stone staircase leading down here.
A demonspawn blood saint and a blizzard demon come into view.
The demonspawn blood saint is wielding a +0 dagger and wearing a +1 robe of willpower.
The blizzard demon shouts!
You block the blizzard demon's attack. x2
You slice the blizzard demon like a ripe choko!!!!
You kill the blizzard demon!
The Shining One accepts your kill.
You feel your power returning.
You feel your dexterity returning.
You open the demonspawn blood saint like a pillowcase!!!!
The demonspawn blood saint convulses!!!
You kill the demonspawn blood saint!
The Shining One accepts your kill.
You feel your power returning.
Unknown command.
No target in view!
No target in view!
A blizzard demon comes into view.
The blizzard demon shouts!
You see here 8 stones.
Aiming: Dig
Press: ? - help, Shift-Dir - straight line A rock wall.
This square is lit by a halo and is covered in magical glow.
The rock shatters into small pieces.
The blizzard demon gestures at you.
A Brimstone Fiend comes into view.
There is a staircase leading out of the dungeon here.
You have escaped!

################.##########......
................1......(.##......
................2........##......
##...####.####...#####...##......
##...## #.# #...# #...##......
......# #.# #...# #...##......
......###.####...### #...#####...
......†...#........# #...# #.....
......).........@..###...# #.....
......#####..............# #.....
..##### #........###...# ######
..# ###..##### #...#
..###########..#######...#
.........................#
..........)..............#
#########.################
..........#


You could see a Brimstone Fiend and a blizzard demon.

Vanquished Creatures
  Antaeus (Coc:7)
  Asmodeus (Geh:7)
  the Royal Jelly (Slime:5)
  Ereshkigal (Tar:7)
  Dissolution (Slime:5)
  Gloorx Vloq (Pan)
  the Serpent of Hell (Dis:7)
  Lom Lobon (Pan)
  10 dread liches
  Mnoleg (Pan)
  Dispater (Dis:7)
  16 ancient liches
  7 orbs of fire
  Mennas (Tomb:2)
  3 juggernauts (Dis:7)
  Mara (Depths:1)
  Boris (thrice) (Depths:3 Vaults:4 Crypt:1)
  25 royal mummies
  Vv (Zot:4)
  29 shard shrikes
  A curse toe (Zot:5)
  The ghost of Qiokh the Slayer, a veteran MiBe of Trog (Elf:2)
  7 Killer Klowns
  35 caustic shrikes
  Geryon (Hell)
  Jory (Crypt:3)
  7 golden dragons
  12 profane servitors
  17 bone dragons
  3 electric golems
  15 Brimstone Fiends
  6 pandemonium lords
  12 Tzitzimimeh
  A shard shrike zombie (Hell)
  2 spectral shard shrikes
  6 iron giants
  13 hellephants
  9 doom hounds
  14 tentacled monstrosities
  9 Hell Sentinels
  Jorgrun (Swamp:2)
  27 Orb Guardians
  A shard shrike skeleton (Crypt:3)
  9 tainted leviathans
  22 Ice Fiends
  15 liches
  Rupert (Orc:2)
  10 quicksilver dragons
  36 titans
  13 acid blobs
  A walking earthen tome (Depths:2)
  34 searing wretches
  9 deep elf blademasters
  11 deep elf master archers
  An eldritch tentacle (Pan)
  26 ancient champions
  Gastronok (Lair:1)
  15 tentacled starspawn
  22 Executioners
  Frances (D:13)
  A death cob (Zot:5)
  9 sphinxes
  Agnes (Elf:1)
  4 tengu reavers
  14 storm dragons
  9 shadow dragons
  4 revenants
  A daeva (Abyss:3)
  6 draconian monks
  A thorn hunter (Swamp:3)
  5 demonspawn warmongers (Pan)
  5 fenstrider witches
  The ghost of turdburglar the Grappler, a journeyman TrWr of Okawaru (Orc:1)
  30 frost giants
  11 rockslimes
  8 draconian knights
  18 azure jellies
  5 nagarajas
  35 fire giants
  Louise (Swamp:1)
  20 narguns
  3 draconian scorchers
  Aizul (Snake:3)
  20 vault wardens
  41 balrugs
  5 deep elf sorcerers
  13 quicksilver elementals
  3 spectral caustic shrikes
  An orc warlord (Vaults:2)
  17 ironbound preservers
  A ghost moth (Abyss:3)
  6 iron dragons
  A caustic shrike zombie (Hell)
  2 curse skulls (Pan)
  3 imperial myrmidons (Desolation)
  A spectral juggernaut (Tar:1)
  3 angels
  12 reapers
  9 cacodemons
  6 draconian shifters
  12 ghouls
  4 draconian stormcallers
  3 shard shrike simulacra
  11 quicksilver oozes
  4 deep elf elementalists
  2 demonspawn corrupters (Pan)
  39 very ugly things
  10 draconian annihilators
  4 demonspawn blood saints
  3 juggernaut skeletons
  39 war gargoyles
  21 stone giants
  A caustic shrike skeleton (Depths:3)
  29 elemental wellsprings
  6 black draconians
  13 ironbound thunderhulks
  Nessos (Orc:2)
  22 vampire knights
  7 eleionomae
  6 deep elf demonologists
  13 green draconians
  10 bennus
  12 putrid mouths
  15 white draconians
  10 dire elephants
  6 bunyips
  5 demonspawn black suns (Pan)
  6 spark wasps
  9 deep elf annihilators
  9 lorocyprocas
  A minotaur (Gauntlet)
  5 red draconians
  11 yellow draconians
  2 halazid warlocks (Desolation)
  16 purple draconians
  A spectral titan (Tar:3)
  16 blizzard demons
  10 eidola
  15 wendigos
  11 deep elf death magi
  Snorg (D:13)
  21 iron golems
  Josephine (Lair:5)
  11 fire dragons
  11 ettins
  5 crystal guardians
  5 green deaths
  2 spectral quicksilver dragons (Tar:6)
  A merfolk javelineer (Depths:3)
  29 mummy priests
  18 yaktaur captains
  2 shambling mangroves (Swamp:4)
  25 jiangshi
  10 ragged hierophants (Desolation)
  9 servants of whispers
  3 spectral spriggans
  Harold (Lair:2)
  4 spriggan zombies (Hell)
  An entropy weaver (Vaults:3)
  37 vault guards
  5 rakshasas
  A hell beast (Pan)
  14 peacekeepers
  6 great orbs of eyes
  11 deep elf high priests
  12 caustic shrike simulacra
  5 salamander tyrants
  11 hydras
  9 juggernaut simulacra
  2 spriggan skeletons
  4 ghost crabs (Swamp:4)
  8 ice dragons
  5 ogre magi
  7 spriggan air magi
  5 catoblepae
  15 centaur warriors
  2 death knights
  12 ironbound frosthearts
  17 alligators
  8 anacondas
  29 dancing weapons
  14 naga warriors
  11 stokers
  7 deep troll shamans
  15 death scarabs
  8 boulder beetles
  2 tengu warriors
  3 two-headed ogres
  32 hell hogs
  29 thrashing horrors
  18 vampire magi
  An Orb Guardian skeleton (Crypt:3)
  17 death yaks
  3 deep troll earth magi
  A shock serpent (shapeshifter) (Vaults:5)
  A titan zombie (Depths:3)
  7 shock serpents
  2 storm dragon zombies
  16 naga sharpshooters
  20 deep elf knights
  11 crystal echidnas
  3 spectral dire elephants
  8 spriggan berserkers
  28 hell knights
  19 soul eaters
  52 sun demons
  A spectral bunyip (Tar:1)
  13 wretched stars
  4 salamander mystics (Snake:4)
  A fire crab (Gauntlet)
  19 shadow wraiths
  5 swamp dragons
  2 goliath frogs (Swamp:4)
  A titan skeleton (Crypt:2)
  8 iron trolls
  52 skeletal warriors
  35 deep trolls
  A spectral anaconda (Tar:5)
  25 sixfirhies
  4 quicksilver dragon simulacra
  2 spatial maelstroms (Abyss:3)
  An orb spider (shapeshifter) (Abyss:3)
  A sea snake (shapeshifter) (Depths:1)
  4 anaconda zombies
  7 flayed ghosts
  8 glowing orange brains
  6 spriggan druids
  2 storm dragon skeletons
  11 shadow demons (Pan)
  8 bog bodies
  An orb spider (Abyss:3)
  14 wizards
  9 naga ritualists
  2 spriggan simulacra
  A tengu zombie (Depths:3)
  22 deep elf archers
  A golden dragon zombie (Depths:3)
  33 phantasmal warriors
  2 bunyip skeletons
  7 lindwurms
  33 deep elf zephyrmancers
  20 ironbound convokers
  3 orc sorcerers
  36 deep elf pyromancers
  14 mana vipers
  5 orc knights
  A sphinx zombie (Hell)
  13 salamanders
  12 necromancers
  2 spectral ettins
  44 ugly things
  5 cyclopes
  4 iron dragon zombies
  A wolf spider (D:15)
  A shadow dragon skeleton (Pan)
  A wolf spider (shapeshifter) (Vaults:5)
  A faun (shapeshifter) (Vaults:5)
  7 shining eyes
  A jorogumo zombie (Crypt:3)
  A salamander (shapeshifter) (D:14)
  4 fire giant zombies
  4 iron dragon skeletons
  A manticore (D:12)
  A spectral alligator snapping turtle (Tar:2)
  6 will-o-the-wisps
  A stone giant zombie (Crypt:3)
  55 large abominations
  11 moths of wrath
  6 worldbinders
  21 elephants
  A dire elephant zombie (Crypt:2)
  28 black mambas
  Joseph (Lair:1)
  A stone giant skeleton (Crypt:2)
  3 apocalypse crabs
  15 vault sentinels
  10 guardian serpents
  3 ice statues
  8 rust devils
  2 water nymphs (Swamp:1)
  An eye of devastation (Pan)
  5 torpor snails (Lair:5)
  A molten gargoyle (Desolation)
  4 titan simulacra
  47 smoke demons
  A naga skeleton (Tomb:1)
  37 hellions
  15 orange demons
  14 cane toads
  13 naga magi
  Maggie (Lair:1)
  3 gargoyles (D:13)
  A kobold demonologist (Abyss:3)
  17 demonic crawlers
  A swamp worm zombie (Crypt:3)
  10 freezing wraiths
  A minotaur zombie (Crypt:3)
  An alligator snapping turtle skeleton (Crypt:1)
  14 tormentors
  An unseen horror (D:10)
  24 yaktaurs
  A sea snake zombie (Hell)
  2 rime drakes (Lair:5)
  3 bunyip simulacra
  7 efreet
  7 ice devils
  19 ancient zymes (Abyss:3)
  5 komodo dragons
  37 guardian mummies
  A komodo dragon (shapeshifter) (Abyss:3)
  10 anaconda simulacra
  A spectral two-headed ogre (Tar:1)
  7 spectral harpies
  2 iron giant simulacra
  A minotaur skeleton (Crypt:2)
  An unseen horror skeleton (Crypt:1)
  A queen bee (shapeshifter) (Vaults:5)
  4 tengu conjurers
  A harpy zombie (Crypt:3)
  7 red devils
  A silent spectre (Tar:6)
  34 hellwings
  A hydra zombie (Hell)
  A mana viper skeleton (Crypt:2)
  2 shadow dragon simulacra
  6 trolls
  An iron troll skeleton (Crypt:3)
  2 polar bears
  4 harpy skeletons
  76 saltlings
  7 tyrant leeches
  A blink frog (shapeshifter) (Abyss:3)
  A hydra skeleton (Hell)
  21 hornets
  2 ettin zombies
  A merfolk zombie (Hell)
  3 iron dragon simulacra
  A great orb of eyes zombie (Crypt:1)
  An ice dragon zombie (Tomb:1)
  5 blink frogs (Lair:4)
  4 dream sheep (Lair:3)
  19 raiju
  3 alligator zombies
  A culicivora (Vaults:5)
  19 flying skulls
  A spectral black mamba (Tar:1)
  19 wraiths
  An ice dragon skeleton (Crypt:3)
  3 shadows
  29 ushabtiu
  A centaur simulacrum (Coc:1)
  3 vampires
  17 ynoxinuls
  116 slime creatures
  13 spriggans
  2 alligator skeletons
  2 wyverns
  4 naga simulacra
  6 water elementals
  51 yaks
  2 humans (shapeshifter)
  5 basilisks
  44 starcursed masses (Abyss:3)
  5 dire elephant simulacra
  9 fire bats
  9 fire elementals
  7 humans (D:13)
  A basilisk (shapeshifter) (Elf:1)
  10 golden eyes
  28 chaos spawn
  5 steam dragons
  5 redbacks
  8 vampire mosquitoes
  A glowing shapeshifter zombie (Depths:3)
  20 neqoxecs
  2 wargs
  A warg (shapeshifter) (Abyss:3)
  A skyshark zombie (Crypt:1)
  4 naga zombies (Crypt:3)
  2 spatial vortices (Abyss:3)
  8 swamp worms
  7 acid dragons
  8 harpy simulacra
  36 nagas
  A swamp worm (shapeshifter) (D:15)
  An acid dragon (shapeshifter) (Vaults:5)
  17 water moccasins
  A hydra simulacrum (Coc:1)
  An entropy weaver zombie (Crypt:3)
  10 hell hounds (Abyss:3)
  4 swamp drakes
  A black bear (Lair:3)
  46 orc warriors
  2 ice beasts (D:6)
  2 sky beasts (D:6)
  A merfolk simulacrum (Coc:2)
  An ettin simulacrum (Coc:5)
  5 boggarts (Vaults:2)
  6 ogres
  16 centaurs
  A manticore zombie (Crypt:1)
  A lindwurm skeleton (Crypt:2)
  35 small abominations
  17 wolves
  3 kobold brigands
  5 elf zombies (Ossuary)
  3 necrophages
  A gnoll sergeant (Orc:2)
  14 bullfrogs
  3 earth elementals
  3 scorpions
  3 wights (D:9)
  A queen bee zombie (Crypt:3)
  8 killer bees
  6 howler monkeys
  An electric eel (Lair:4)
  9 crimson imps
  A wolf skeleton (Crypt:2)
  A quasit (Abyss:3)
  4 human zombies (Ossuary)
  5 centaur zombies
  A hound (D:6)
  7 jellies
  A sleepcap (D:5)
  28 orc priests
  A gnoll bouda (D:10)
  5 iron imps
  3 iguanas
  39 orc wizards
  A scorpion zombie (Crypt:2)
  A boggart skeleton (Crypt:3)
  A killer bee zombie (Crypt:1)
  39 mummies
  11 gnolls
  4 adders
  12 white imps
  6 ufetubi
  An adder zombie (Crypt:1)
  2 worms (D:2)
  4 dart slugs
  100 orcs
  7 bats
  9 endoplasms
  4 giant cockroaches
  7 goblins
  7 hobgoblins
  2 quokkas
  5 ball pythons
  A frilled lizard (D:1)
  A frilled lizard zombie (Crypt:2)
  3 hobgoblin zombies (D:6)
  A jackal zombie (Crypt:2)
  17 kobolds
  A kobold zombie (D:6)
  3 rats
  4 ball lightnings (Pan)
  9 creeping infernos
  53 fire vortices
  3 lurking horrors (Abyss:3)
  4 spectral weapons
  12 starspawn tentacles
4406 creatures vanquished.

Vanquished Creatures (collateral kills)
  A royal mummy (Tomb:3)
  A Tzitzimitl (Tar:7)
  A tentacled monstrosity (Pan)
  A hellephant (Pan)
  A Hell Sentinel (Dis:7)
  An Executioner (Pan)
  A balrug (Geh:7)
  2 cacodemons (Pan)
  A war gargoyle (Dis:7)
  A putrid mouth (Tar:7)
  An iron golem (Dis:7)
  5 death scarabs (Tomb:2)
  A soul eater (Pan)
  A crystal echidna (Dis:7)
  A skeletal warrior (Tomb:2)
  5 shadow wraiths
  A large abomination (Pan)
  3 smoke demons (Pan)
  A guardian mummy (Tomb:3)
  5 hellwings (Pan)
  5 ushabtiu
  A ynoxinul (Pan)
  A fire bat (Pan)
  A chaos spawn (Pan)
  4 neqoxecs (Pan)
  A harpy simulacrum (Tomb:2)
  4 mummies (Tomb:3)
52 creatures vanquished.

Vanquished Creatures (others)
  Cerebov (Pan)
  A fire giant (Crypt:3)
  A balrug (Pan)
  A frost giant (Coc:3)
  A black draconian (Zot:3)
  A purple draconian (Zot:3)
  A vault guard (Vaults:5)
  Sonja (Lair:5)
  A deep elf knight (Elf:2)
  A sun demon (Pan)
  A large abomination (Pan)
  2 wizards
  A deep elf archer (Abyss:3)
  A deep elf zephyrmancer (Swamp:4)
  2 titan simulacra
  A tormentor (Coc:2)
  A bunyip simulacrum (Coc:2)
  A guardian mummy (Tomb:3)
  3 bloated husks
  A raiju (Abyss:3)
  An iron dragon simulacrum (Coc:7)
  A saltling (Desolation)
  A centaur simulacrum (D:15)
  A water elemental (Elf:3)
  A fire bat (Pan)
  An alligator snapping turtle simulacrum (Coc:2)
  A human (D:13)
  2 chaos spawn (Pan)
  11 ball lightnings (Pan)
  6 creeping infernos
  4 fire vortices
  8 foxfires
  2 lurking horrors (Abyss:3)
  19 starspawn tentacles
83 creatures vanquished.

Grand Total: 4541 creatures vanquished

Notes
Turn   | Place    | Note
-------+----------+-------------------------------------------
     0 | D:1      | ojifijod the Minotaur Monk began the quest for the Orb.
     0 | D:1      | Reached XP level 1. HP: 19/19 MP: 0/0
   212 | D:1      | Reached XP level 2. HP: 26/26 MP: 1/1
   434 | D:1      | You fall into a shaft and drop 1 floor!
   531 | D:2      | Reached skill level 5 in Axes
   598 | D:2      | Reached XP level 3. HP: 31/31 MP: 2/2
  1086 | D:2      | Identified the +0 chain mail "Gemuore" {Str+7 Int-4 Slay-6}
  1597 | D:2      | Reached XP level 4. HP: 18/39 MP: 3/3
  2094 | D:3      | Found a bloodstained altar of Trog.
  2402 | D:3      | Found Mutekaet's Assorted Antiques.
  2580 | D:4      | Reached XP level 5. HP: 44/45 MP: 4/4
  2603 | D:4      | Found a staircase to the Ecumenical Temple.
  2617 | Temple   | Entered the Ecumenical Temple
  2629 | Temple   | Became a worshipper of Warmaster Okawaru
  2629 | Temple   | Reached * piety under Okawaru
  2629 | Temple   | Reached ** piety under Okawaru
  2913 | D:4      | Reached XP level 6. HP: 22/51 MP: 5/5
  3341 | D:5      | Entered Level 5 of the Dungeon
  3527 | D:5      | Reached *** piety under Okawaru
  3528 | D:5      | Found a sand-covered staircase.
  3534 | D:5      | Reached XP level 7. HP: 45/57 MP: 6/6
  3547 | Ossuary  | Entered an ossuary
  3595 | Ossuary  | Reached skill level 10 in Axes
  3929 | Ossuary  | Reached XP level 8. HP: 40/64 MP: 7/7
  4068 | D:5      | Reached **** piety under Okawaru
  4998 | D:6      | Paralysed by a centaur for 2 turns
  5322 | D:6      | Reached XP level 9. HP: 55/70 MP: 8/8
  6200 | D:7      | Reached skill level 15 in Axes
  6529 | D:7      | Found a broken altar of Ashenzari.
  6651 | D:7      | Found Kutounura's Armour Shoppe.
  7063 | D:8      | Reached ***** piety under Okawaru
  7654 | D:8      | Noticed a two-headed ogre
  7667 | D:8      | Killed a two-headed ogre
  7668 | D:8      | Reached XP level 10. HP: 56/77 MP: 9/9
  7976 | D:9      | Found a glowing golden altar of the Shining One.
  7980 | D:9      | Found a burning altar of Makhleb.
  7984 | D:9      | Found an ornate altar of the Wu Jian Council.
  7984 | D:9      | Found a blossoming altar of Fedhas.
  7984 | D:9      | Found a stormy altar of Qazlal.
  8439 | D:9      | Reached skill level 5 in Fighting
  8533 | D:9      | Reached skill level 5 in Dodging
  8808 | D:10     | Entered Level 10 of the Dungeon
  9098 | D:10     | Identified the +0 scale mail of Cohoguta {rPois rC- Will+
                  | rCorr} (Okawaru gifted it to you on level 10 of the
                  | Dungeon)
  9098 | D:10     | Received a gift from Okawaru
  9212 | D:10     | Noticed a two-headed ogre
  9223 | D:10     | Killed a two-headed ogre
  9224 | D:10     | Reached XP level 11. HP: 60/94 MP: 10/10
  9335 | D:10     | Found Xiwycwekho's Magic Scroll Emporium.
  9352 | D:10     | Bought a scroll of identify for 30 gold pieces
  9352 | D:10     | Bought a scroll of teleportation for 45 gold pieces
  9554 | D:11     | Reached ****** piety under Okawaru
  9718 | D:11     | Found a staircase to the Lair.
 10234 | D:11     | Found a staircase to the Orcish Mines.
 10387 | Lair:1   | Entered Level 1 of the Lair of Beasts
 10392 | Lair:1   | Reached skill level 10 in Fighting
 10487 | Lair:1   | Noticed Gastronok
 10504 | Lair:1   | Killed Gastronok
 10527 | Lair:1   | Reached skill level 10 in Dodging
 10596 | Lair:1   | Received a gift from Okawaru
 11072 | Lair:1   | Noticed Joseph
 11080 | Lair:1   | Killed Joseph
 11081 | Lair:1   | Reached XP level 12. HP: 98/110 MP: 8/11
 11196 | Lair:1   | Noticed Maggie
 11201 | Lair:1   | Killed Maggie
 11774 | Lair:2   | Noticed a catoblepas
 11873 | Lair:2   | Received a gift from Okawaru
 11873 | Lair:2   | Found the +3 crown of Dyrovepreva {rElec Int+2 SInv}
 12234 | Lair:2   | Found a staircase to the Swamp.
 12530 | Lair:2   | Killed a catoblepas
 12568 | Lair:2   | Noticed Harold
 12578 | Lair:2   | Killed Harold
 13011 | Lair:3   | Found a staircase to the Snake Pit.
 13075 | Lair:3   | Noticed a death yak
 13075 | Lair:3   | Noticed a death yak
 13095 | Lair:3   | Noticed a death yak
 13096 | Lair:3   | Noticed a death yak
 13097 | Lair:3   | Killed a death yak
 13098 | Lair:3   | Noticed a death yak
 13099 | Lair:3   | Noticed a death yak
 13104 | Lair:3   | Killed a death yak
 13108 | Lair:3   | Killed a death yak
 13114 | Lair:3   | Killed a death yak
 13455 | Lair:3   | Noticed a death yak
 13472 | Lair:3   | Killed a death yak
 13488 | Lair:3   | Noticed a death yak
 13491 | Lair:3   | Noticed a death yak
 13491 | Lair:3   | Noticed a six-headed hydra
 13510 | Lair:3   | Killed a death yak
 13511 | Lair:3   | Killed a death yak
 13514 | Lair:3   | Killed a five-headed hydra
 13515 | Lair:3   | Reached skill level 1 in Invocations
 13579 | Lair:3   | Reached XP level 13. HP: 51/116 MP: 11/13
 13843 | Lair:3   | Received a gift from Okawaru
 14793 | Lair:4   | Reached skill level 5 in Invocations
 15042 | Lair:4   | Received a gift from Okawaru
 15042 | Lair:4   | Found the +15 Maxwell's patent armour {-Cast -Tele rElec
                  | Will+ rCorr}
 15103 | Lair:4   | Reached skill level 1 in Armour
 15826 | Lair:5   | Entered Level 5 of the Lair of Beasts
 15986 | Lair:5   | Found a viscous altar of Jiyva.
 15987 | Lair:5   | Found a staircase to the Slime Pits.
 16140 | Lair:5   | Reached XP level 14. HP: 124/124 MP: 19/19
 16176 | Lair:5   | Noticed Sonja
 16186 | Abyss:1  | Cast into level 1 of the Abyss (Sonja)
 16301 | Abyss:1  | Noticed a purple very ugly thing
 16311 | Abyss:1  | Killed a purple very ugly thing
 16407 | Abyss:1  | Noticed a cacodemon
 16410 | Abyss:1  | Reached skill level 5 in Armour
 16415 | Abyss:1  | Gained mutation: You are frail. (-10% HP) [a cacodemon]
 16416 | Abyss:1  | Killed a cacodemon
 16456 | Abyss:1  | Lost mutation: You are frail. (-10% HP) [potion of
                  | mutation]
 16456 | Abyss:1  | Gained mutation: You have sharp toenails. [potion of
                  | mutation]
 16456 | Abyss:1  | Gained mutation: You have supernaturally acute eyesight.
                  | (SInv) [potion of mutation]
 16808 | Abyss:1  | Noticed a tentacled monstrosity
 16818 | Abyss:1  | Killed a tentacled monstrosity
 16834 | Abyss:1  | Reached skill level 10 in Invocations
 16859 | Abyss:1  | Noticed a tentacled starspawn
 16864 | Abyss:1  | Noticed a balrug
 16876 | Lair:5   | Escaped the Abyss
 16880 | Lair:5   | HP: 2/124 [Sonja/+2 dagger of distortion (15)]
 16882 | Lair:5   | Killed Sonja
 16914 | Lair:5   | Received a gift from Okawaru
 17186 | Lair:5   | Identified the +1 cloak of Mumblety Peg {Str+3} (Okawaru
                  | gifted it to you on level 5 of the Lair of Beasts)
 17186 | Lair:5   | Received a gift from Okawaru
 17478 | Lair:5   | Found a runed translucent door.
 17479 | Lair:5   | Noticed Josephine
 17557 | Lair:5   | Paralysed by a hornet for 1 turns
 18134 | Lair:5   | Killed Josephine
 18139 | Lair:5   | Reached skill level 10 in Armour
 18335 | D:12     | Reached XP level 15. HP: 130/130 MP: 23/23
 18773 | D:12     | Found Cuskid's Assorted Antiques.
 18912 | D:13     | Noticed Snorg
 18922 | D:13     | Killed Snorg
 19088 | Orc:1    | Entered Level 1 of the Orcish Mines
 19430 | Orc:1    | Found a large runed translucent door.
 19430 | Orc:1    | Found a large runed translucent door.
 19457 | Orc:1    | Noticed turdburglar's ghost (journeyman TrWr)
 19471 | Orc:1    | Killed turdburglar's ghost
 19471 | Orc:1    | Received a gift from Okawaru
 19710 | Orc:2    | Entered Level 2 of the Orcish Mines
 19802 | Orc:2    | Found a staircase to the Elven Halls.
 19886 | Orc:2    | Noticed Rupert
 19906 | Orc:2    | Killed Rupert
 20204 | Orc:2    | Found Qiabril's General Store.
 20204 | Orc:2    | Found Madetogg's Book Shop.
 20206 | Orc:2    | Found Foymaeb's Armour Boutique.
 20208 | Orc:2    | Found Beosyizo's Armour Shoppe.
 20309 | Orc:2    | Noticed Nessos
 20327 | Orc:2    | Killed Nessos
 20790 | Orc:2    | Bought a +2 cloak of willpower for 279 gold pieces
 20980 | D:13     | Identified the +4 mace "Arucora" {venom, Int+3}
 21026 | D:13     | Noticed Frances
 21038 | D:13     | Killed Frances
 21454 | D:13     | Found a portal to a secret trove of treasure.
 22078 | D:13     | Found a gate to the Vaults.
 22087 | D:13     | Identified the +5 glaive "Qienlel" {flame, +Blink SInv}
 22206 | D:14     | Found a gate leading to a gauntlet.
 22233 | Gauntlet | Entered a Gauntlet
 22233 | Gauntlet | Found a transporter.
 22233 | Gauntlet | Found a transporter.
 22239 | Gauntlet | Found a transporter.
 22254 | Gauntlet | Found a transporter.
 22269 | Gauntlet | Found a transporter.
 22269 | Gauntlet | Found a transporter.
 22269 | Gauntlet | Found a transporter.
 22271 | Gauntlet | Found a transporter.
 22271 | Gauntlet | Found a transporter.
 22284 | Gauntlet | Found a transporter.
 22300 | Gauntlet | Found a transporter.
 22309 | Gauntlet | Found a transporter.
 22313 | Gauntlet | Found a runed translucent door.
 22327 | Gauntlet | Found a transporter.
 22344 | Gauntlet | Found a transporter.
 22702 | Gauntlet | Received a gift from Okawaru
 22702 | Gauntlet | Found the +5 glaive of the Guard {elec, spectral, AC+5}
 22759 | Gauntlet | Identified the +3 broad axe "Imp's Foe" {flame, Int+2}
 22816 | Gauntlet | Identified the +0 scale mail of the Game of Life {Regen+}
 23520 | D:13     | You paid a toll of 6 scrolls of fog to enter a treasure
                  | trove
 23521 | Trove    | Entered a treasure trove
 23523 | Trove    | Found the +3 Mad Mage's Maulers {Infuse+∞ VampMP -Cast}
 23529 | Trove    | Identified the +1 hat of the Lemon {rElec Slay+5}
 23530 | Trove    | Identified the +0 pair of boots of Instinct {rElec rC+
                  | Int+6}
 23533 | Trove    | Identified the +0 pair of boots "Guhyxuri" {rC+}
 23535 | Trove    | Identified the +3 scale mail of Titag {Int+4 SInv}
 23555 | Trove    | Identified the +0 hat "Inon" {MP+9}
 23667 | D:15     | Entered Level 15 of the Dungeon
 24054 | D:15     | Received a gift from Okawaru
 24156 | D:15     | Identified the +1 leather armour "Gynong" {+Blink rElec
                  | Dex+2}
 24553 | D:15     | Reached XP level 16. HP: 139/139 MP: 2/24
 24805 | D:15     | Found a staircase to the Depths.
 25098 | Depths:1 | Entered Level 1 of the Depths
 25102 | Depths:1 | Noticed a sphinx
 25111 | Depths:1 | Killed a sphinx
 25116 | Depths:1 | Identified the +0 robe of Repulsion {Will- Int+9 Stlth+}
                  | (Okawaru gifted it to you on level 1 of the Depths)
 25116 | Depths:1 | Received a gift from Okawaru
 25176 | Depths:1 | Noticed Mara
 25198 | Depths:1 | Noticed ojifijod's illusion
 25214 | Depths:1 | Reached skill level 15 in Armour
 25220 | Depths:1 | Noticed ojifijod's illusion
 25244 | Depths:1 | Noticed ojifijod's illusion
 25244 | Depths:1 | Killed Mara
 25443 | Depths:1 | Noticed a tengu reaver
 25449 | Depths:1 | Killed a tengu reaver
 26214 | Depths:1 | Found an ornate altar of the Wu Jian Council.
 26219 | Depths:1 | Received a gift from Okawaru
 26677 | Depths:1 | Identified the +5 cloak of Riaganyrche {Fly Regen+ Dex-3}
                  | (Okawaru gifted it to you on level 1 of the Depths)
 26677 | Depths:1 | Received a gift from Okawaru
 26998 | Depths:1 | Found a one-way gateway to a ziggurat.
 27149 | Depths:1 | Found a gateway to Hell.
 27864 | Depths:2 | Reached XP level 17. HP: 154/154 MP: 5/25
 28028 | Depths:2 | Found a radiant altar of Vehumet.
 28059 | Depths:2 | Identified the +0 pair of boots "Ciostrau" {rElec Int+3}
                  | (Okawaru gifted it to you on level 2 of the Depths)
 28059 | Depths:2 | Received a gift from Okawaru
 28440 | Depths:2 | Noticed a walking earthen tome
 28452 | Depths:2 | Killed a walking earthen tome
 28466 | Depths:2 | Reached skill level 15 in Fighting
 29057 | Depths:2 | Reached skill level 15 in Dodging
 29070 | Depths:2 | Found a one-way gate leading to the halls of Pandemonium.
 29928 | Depths:3 | Found a one-way gate to the infinite horrors of the Abyss.
 30180 | Depths:3 | Received a gift from Okawaru
 30180 | Depths:3 | Found the +3 pair of mountain boots {steadfast, rC+}
 30537 | Depths:3 | Noticed Boris
 30547 | Depths:3 | Killed Boris
 30600 | Depths:3 | Identified the +5 battleaxe "Lifebane" {heavy, Dex+4}
                  | (Okawaru gifted it to you on level 3 of the Depths)
 30600 | Depths:3 | Received a gift from Okawaru
 30612 | Depths:3 | Reached XP level 18. HP: 141/168 MP: 9/26
 32172 | Depths:3 | Received a gift from Okawaru
 32292 | Depths:3 | Identified 2 scrolls of acquirement
 32486 | D:15     | Acquired a manual of Evocations
 32487 | D:15     | Acquired the +8 frozen axe "Frostbite" {freeze, freezing
                  | cloud, *Noise Fly rC+}
 32487 | D:15     | Found the +8 frozen axe "Frostbite" {freeze, freezing
                  | cloud, *Noise Fly rC+}
 32690 | Snake:1  | Entered Level 1 of the Snake Pit
 33239 | Snake:1  | Found a sacrificial altar of Ru.
 36308 | Snake:3  | Noticed Aizul
 36319 | Snake:3  | Killed Aizul
 36548 | Snake:3  | Identified the +7 crystal plate armour of Optimism {rElec
                  | rPois rF+ Int+2} (Okawaru gifted it to you on level 3 of
                  | the Snake Pit)
 36548 | Snake:3  | Received a gift from Okawaru
 38287 | Snake:4  | Entered Level 4 of the Snake Pit
 39119 | Snake:4  | Reached XP level 19. HP: 179/181 MP: 3/27
 39248 | Snake:4  | Received a gift from Okawaru
 39457 | Snake:4  | Identified the +9 battleaxe "Woqisk" {flame, Dex+3}
                  | (Okawaru gifted it to you on level 4 of the Snake Pit)
 39457 | Snake:4  | Received a gift from Okawaru
 39788 | Snake:4  | Got a serpentine rune of Zot
 40201 | Swamp:1  | Entered Level 1 of the Swamp
 40213 | Swamp:1  | Noticed Louise
 40228 | Abyss:2  | Cast into level 2 of the Abyss (Louise)
 40338 | Swamp:1  | Escaped the Abyss
 40352 | Swamp:1  | Killed Louise
 40723 | Swamp:1  | Identified the +2 pair of boots of the Blizzard {Str+4}
                  | (Okawaru gifted it to you on level 1 of the Swamp)
 40723 | Swamp:1  | Received a gift from Okawaru
 41662 | Swamp:2  | Noticed Jorgrun
 41675 | Swamp:2  | Killed Jorgrun
 42734 | Swamp:2  | Acquired a manual of Fighting
 44002 | Swamp:4  | Entered Level 4 of the Swamp
 44250 | Swamp:4  | Received a gift from Okawaru
 44267 | Swamp:4  | Reached XP level 20. HP: 192/200 MP: 5/28
 44896 | Swamp:4  | Gained mutation: You are dopey. (Int -2) [a neqoxec]
 45745 | Swamp:4  | Got a decaying rune of Zot
 46211 | Vaults:1 | Entered Level 1 of the Vaults
 46840 | Vaults:1 | Identified the +3 hat "Qiwotwot" {Str+2} (Okawaru gifted it
                  | to you on level 1 of the Vaults)
 46840 | Vaults:1 | Received a gift from Okawaru
 49682 | Vaults:2 | Found a staircase to the Crypt.
 50550 | Vaults:2 | Received a gift from Okawaru
 52230 | Vaults:2 | Reached XP level 21. HP: 223/223 MP: 14/29
 52537 | Vaults:2 | Reached skill level 27 in Fighting
 52541 | Vaults:2 | Received a gift from Okawaru
 52748 | Vaults:3 | Reached skill level 1 in Evocations
 52757 | Vaults:3 | Reached skill level 1 in Maces & Flails
 52772 | Vaults:3 | Found a crumbling gateway.
 52799 | Desolati | Entered the Desolation of Salt
 52842 | Desolati | Identified the amulet of Obsession {Regen+ rCorr Str-3
                  | Int+3}
 52880 | Desolati | Identified the ring of the Archfiend {rC+ Will+ Dex+3}
 52908 | Desolati | Identified the ring of Vaps {AC+4 Dex+2}
 53250 | Desolati | Got the Secrets of the Illusory Shrikes
 53392 | Desolati | Identified the ring "Luzyme Abu" {Fly rCorr}
 53406 | Desolati | Identified the +4 broad axe "Ymusogh" {flame, Drain rPois
                  | rN+ Str+2}
 53635 | Desolati | Reached skill level 5 in Evocations
 53837 | Desolati | Reached skill level 5 in Maces & Flails
 54090 | Desolati | Identified the +0 buckler of Supple Strength {rF- Regen+
                  | SInv} (Okawaru gifted it to you in the Desolation of Salt)
 54090 | Desolati | Received a gift from Okawaru
 54121 | Desolati | Identified the +0 crystal plate armour of Haosyacw {rC+}
 54127 | Desolati | Identified the ring "Uddua" {rPois rF+ Int+5 Dex+3 Slay-4}
 54151 | Desolati | Got the Catalogue of the Airy Maleficium
 54770 | Desolati | Got the Cyclopedia of Heavy Toxins
 54975 | Vaults:3 | Found Siur's Antique Armour Shop.
 55202 | Vaults:3 | Bought a pair of brightly glowing gloves for 237 gold
                  | pieces
 55202 | Vaults:3 | Identified the +2 pair of gloves "Earthly Heaven" {rElec
                  | rC+++ rCorr Int-4} (You bought it in a shop on level 3 of
                  | the Vaults)
 55202 | Vaults:3 | Bought a pair of scorched gloves for 237 gold pieces
 55202 | Vaults:3 | Identified the +2 pair of gloves of the Shining Light {rN+
                  | Will- Int+3} (You bought it in a shop on level 3 of the
                  | Vaults)
 55274 | Vaults:3 | Found Ejuroalu's Weapon Shop.
 56941 | Vaults:4 | Noticed Boris
 56949 | Vaults:4 | Killed Boris
 57163 | Vaults:4 | Received a gift from Okawaru
 57339 | Vaults:4 | Found Zasm's Weapon Emporium.
 57725 | Vaults:4 | Reached XP level 22. HP: 217/233 MP: 2/30
 57728 | Vaults:4 | Reached skill level 10 in Evocations
 58110 | Vaults:4 | Received a gift from Okawaru
 58793 | Vaults:4 | Reached skill level 10 in Maces & Flails
 59597 | Vaults:5 | Entered Level 5 of the Vaults
 59602 | Vaults:5 | Received a gift from Okawaru
 59666 | Vaults:5 | Noticed a golden dragon
 59681 | Vaults:5 | Received a gift from Okawaru
 59686 | Vaults:5 | Killed a golden dragon
 59699 | Vaults:5 | Noticed an ancient lich
 59704 | Vaults:5 | Received a gift from Okawaru
 59718 | Vaults:5 | Killed an ancient lich
 59719 | Vaults:5 | Reached XP level 23. HP: 157/239 MP: 1/31
 59838 | Vaults:5 | Acquired 841 gold pieces
 59867 | Vaults:5 | Found the +4 consecrated labrys {holy, Valiant Fragile Fly
                  | SInv}
 60130 | Vaults:5 | Received a gift from Okawaru
 60403 | Vaults:5 | Identified the +2 hat of the Dropbear {rF+ Will+}
 60543 | Vaults:5 | Identified the +5 rapier of the Twenty Planets {heavy, Fly
                  | rElec rF+}
 60660 | Vaults:5 | Identified the +7 great sword of Revolt {drain, rN+ Stlth+}
 60714 | Vaults:5 | Received a gift from Okawaru
 60928 | Vaults:5 | Got the Directory of Amalgamated Putrescence
 61166 | Vaults:5 | Identified the +1 quarterstaff "Deg Tino" {antimagic,
                  | *Noise *Slow rN+ Int+8}
 61199 | Vaults:5 | Got a silver rune of Zot
 61934 | Vaults:5 | Identified the +8 morningstar of Indomitability {heavy,
                  | rPois Int-4 Dex+5}
 62639 | Depths:4 | Entered Level 4 of the Depths
 62645 | Depths:4 | Reached skill level 1 in Shields
 62860 | Depths:4 | Noticed a caustic shrike
 62864 | Depths:4 | Killed a caustic shrike
 62864 | Depths:4 | Received a gift from Okawaru
 62864 | Depths:4 | Noticed a caustic shrike
 62872 | Depths:4 | Killed a caustic shrike
 62874 | Depths:4 | Noticed a caustic shrike
 62881 | Depths:4 | Killed a caustic shrike
 62882 | Depths:4 | Reached skill level 5 in Shields
 63257 | Depths:4 | Found a glowing golden altar of the Shining One.
 63257 | Depths:4 | Found a glowing silver altar of Zin.
 63258 | Depths:4 | Found a white marble altar of Elyvilon.
 63634 | Depths:4 | Found a gate to the Realm of Zot.
 63655 | Depths:4 | Identified the +1 pair of gloves of Wasted Space {rF+}
                  | (Okawaru gifted it to you on level 4 of the Depths)
 63655 | Depths:4 | Received a gift from Okawaru
 63842 | Depths:4 | Noticed a caustic shrike
 63842 | Depths:4 | Noticed a caustic shrike
 63852 | Depths:4 | Killed a caustic shrike
 63858 | Depths:4 | Killed a caustic shrike
 64007 | Depths:4 | Noticed a caustic shrike
 64010 | Depths:4 | Killed a caustic shrike
 64240 | Depths:4 | Noticed a caustic shrike
 64245 | Depths:4 | Killed a caustic shrike
 64372 | Depths:4 | Noticed a caustic shrike
 64377 | Depths:4 | Killed a caustic shrike
 65233 | Elf:1    | Entered Level 1 of the Elven Halls
 65811 | Elf:1    | Noticed Agnes
 65821 | Elf:1    | Killed Agnes
 66275 | Elf:1    | Found Viestreol's Weapon Shop.
 67802 | Elf:1    | Reached skill level 10 in Shields
 68498 | Elf:2    | Received a gift from Okawaru
 69045 | Elf:2    | Reached XP level 24. HP: 247/248 MP: 0/31
 69065 | Elf:2    | Reached skill level 27 in Axes
 69244 | Elf:2    | Found a runed translucent door.
 69245 | Elf:2    | Noticed Qiokh's ghost (veteran MiBe)
 69671 | Elf:2    | Found a huge runed translucent gate.
 69671 | Elf:2    | Found a huge runed translucent gate.
 69671 | Elf:2    | Found a huge runed translucent gate.
 69671 | Elf:2    | Found a huge runed translucent gate.
 69672 | Elf:2    | Found a huge runed translucent gate.
 70512 | Elf:2    | Identified the +10 battleaxe of Causality {flame, rC+ Int+6
                  | Stlth-} (Okawaru gifted it to you on level 2 of the Elven
                  | Halls)
 70512 | Elf:2    | Received a gift from Okawaru
 70842 | Elf:2    | Killed Qiokh's ghost
 70863 | Elf:3    | Entered Level 3 of the Elven Halls
 72550 | Elf:3    | Identified the +4 morningstar "Puwoitu" {freeze, Str+7}
 72589 | Elf:3    | Identified the +0 plate armour of the Butcher {rF+ rC++
                  | Will- Int+4} (Okawaru gifted it to you on level 3 of the
                  | Elven Halls)
 72589 | Elf:3    | Received a gift from Okawaru
 72602 | Elf:3    | Reached skill level 15 in Shields
 72666 | Elf:3    | Identified the ring of Spontaneous Combustion {Will+ Dex+6}
 72705 | Elf:3    | Identified the amulet of the Original Sin {Acrobat Harm
                  | rPois Dex+3}
 72732 | Elf:3    | Identified the staff of earth "Funon" {rPois rC- rN+ Str+6}
 72748 | Elf:3    | Identified the staff of fire "Unuh" {rElec rF+ SInv Stlth+}
 72752 | Elf:3    | Identified the staff of earth "Kewioll" {Str+3}
 73213 | Zot:1    | Entered Level 1 of the Realm of Zot
 73982 | Zot:1    | Noticed an orb of fire
 73991 | Zot:1    | Killed an orb of fire
 74665 | Zot:2    | Noticed an orb of fire
 74676 | Zot:2    | Killed an orb of fire
 74822 | Zot:2    | Identified the +1 pair of boots "Qokuypa" {rElec Will+}
 75889 | Abyss:3  | Cast into level 3 of the Abyss (black draconian knight)
 76011 | Zot:2    | Escaped the Abyss
 76283 | Zot:2    | Identified the +4 broad axe of Beastly Innocence {flame,
                  | Stlth+} (Okawaru gifted it to you on level 2 of the Realm
                  | of Zot)
 76283 | Zot:2    | Received a gift from Okawaru
 76539 | Zot:3    | Noticed a dread lich
 77072 | Zot:3    | Noticed an orb of fire
 77073 | Zot:3    | Found a radiant altar of Vehumet.
 77073 | Zot:3    | Noticed an ancient lich
 77077 | Zot:3    | Found a transporter.
 77376 | Zot:3    | Identified the ring "Luxuw" {rElec Will- Str+6 Dex+3 SInv}
 77825 | Zot:4    | Reached XP level 25. HP: 257/257 MP: 5/31
 77984 | Zot:4    | Noticed Vv
 78002 | Zot:4    | Killed Vv
 78063 | Zot:4    | Noticed a Killer Klown
 78080 | Zot:4    | Noticed a Killer Klown
 78085 | Zot:4    | Killed a Killer Klown
 78120 | Zot:4    | Identified the +9 great sword "Giantslayer" {freeze, Int+3}
 78121 | Zot:4    | Killed a Killer Klown
 78529 | Zot:4    | Identified the +2 plate armour of Daffodils {rElec rCorr
                  | Int+3} (Okawaru gifted it to you on level 4 of the Realm of
                  | Zot)
 78529 | Zot:4    | Received a gift from Okawaru
 78625 | Zot:4    | Noticed an orb of fire
 78631 | Zot:4    | Killed an orb of fire
 79560 | Zot:5    | Entered Level 5 of the Realm of Zot
 79905 | Zot:5    | Noticed a dread lich
 79918 | Zot:5    | Killed a dread lich
 80155 | Zot:5    | Noticed an ancient lich
 80155 | Zot:5    | Noticed an orb of fire
 80155 | Zot:5    | Noticed a Killer Klown
 80155 | Zot:5    | Noticed a Killer Klown
 80180 | Zot:5    | Noticed a Killer Klown
 80181 | Zot:5    | Killed an ancient lich
 80202 | Zot:5    | Killed a Killer Klown
 80202 | Zot:5    | Received a gift from Okawaru
 80204 | Zot:5    | Killed a Killer Klown
 80205 | Zot:5    | Lost mutation: You have sharp toenails. [an orb of fire]
 80209 | Zot:5    | Noticed an ancient lich
 80216 | Zot:5    | Killed an orb of fire
 80218 | Zot:5    | Killed an ancient lich
 80370 | Zot:5    | Killed a Killer Klown
 80683 | Zot:5    | Noticed an orb of fire
 80685 | Zot:5    | Noticed a Killer Klown
 80690 | Zot:5    | Noticed an orb of fire
 80691 | Zot:5    | Gained mutation: You occasionally lose the ability to drink
                  | potions when taking damage. [an orb of fire]
 80693 | Zot:5    | Noticed a Killer Klown
 80694 | Zot:5    | Gained mutation: You are clumsy. (Dex -2) [an orb of fire]
 80740 | Zot:5    | Gained mutation: You are very clumsy. (Dex -4) [an orb of
                  | fire]
 81037 | Zot:5    | Noticed an ancient lich
 81049 | Zot:5    | Killed an ancient lich
 81049 | Zot:5    | Identified the +1 hat of Xafforad {Rampage rElec Stlth+}
                  | (Okawaru gifted it to you on level 5 of the Realm of Zot)
 81049 | Zot:5    | Received a gift from Okawaru
 81313 | Zot:5    | Killed an orb of fire
 81340 | Zot:5    | Killed a Killer Klown
 81377 | Zot:5    | Killed an orb of fire
 81398 | Zot:5    | Killed a Killer Klown
 81447 | Zot:5    | Acquired 869 gold pieces
 81605 | Zot:3    | Killed a dread lich
 81606 | Zot:3    | Reached XP level 26. HP: 236/263 MP: 1/31
 81618 | Zot:3    | Killed an ancient lich
 81637 | Zot:3    | Gained mutation: You occasionally shout uncontrollably at
                  | your foes. [an orb of fire]
 81650 | Zot:3    | Killed an orb of fire
 81856 | Zot:3    | Found a transporter.
 81857 | Zot:3    | Identified the +7 shortbow "Qeibai Irou" {drain, rPois rC-
                  | rCorr Int+2}
 81875 | Zot:3    | Lost mutation: You occasionally lose the ability to drink
                  | potions when taking damage. [potion of mutation]
 81875 | Zot:3    | Lost mutation: You are dopey. (Int -2) [potion of mutation]
 81875 | Zot:3    | Gained mutation: Your body sometimes deteriorates upon
                  | taking damage. [potion of mutation]
 81875 | Zot:3    | Gained mutation: Your magical capacity is low. (-10% MP)
                  | [potion of mutation]
 81876 | Zot:3    | Lost mutation: Your body sometimes deteriorates upon taking
                  | damage. [potion of mutation]
 81876 | Zot:3    | Lost mutation: You are very clumsy. (Dex -4) [potion of
                  | mutation]
 81876 | Zot:3    | Lost mutation: You occasionally shout uncontrollably at
                  | your foes. [potion of mutation]
 81876 | Zot:3    | Gained mutation: You have large cloven feet. [potion of
                  | mutation]
 81876 | Zot:3    | Gained mutation: Your spells are a little harder to cast,
                  | but a little more powerful. [potion of mutation]
 82307 | Slime:1  | Entered Level 1 of the Pits of Slime
 82437 | Slime:2  | Reached skill level 1 in Throwing
 82443 | Slime:2  | Received a gift from Okawaru
 82479 | Slime:2  | Gained mutation: Your body sometimes deteriorates upon
                  | taking damage. [a shining eye]
 82483 | Slime:2  | Gained mutation: You are dopey. (Int -2) [a shining eye]
 82842 | Slime:5  | Entered Level 5 of the Pits of Slime
 82873 | Slime:5  | Noticed Dissolution
 82995 | Slime:5  | Gained mutation: You are frail. (-10% HP) [a shining eye]
 83001 | Slime:5  | Killed Dissolution
 83002 | Slime:5  | Received a gift from Okawaru
 83007 | Slime:4  | Lost mutation: Your magical capacity is low. (-10% MP)
                  | [potion of mutation]
 83007 | Slime:4  | Lost mutation: You are frail. (-10% HP) [potion of
                  | mutation]
 83007 | Slime:4  | Lost mutation: You are clumsy. (Dex -2) [potion of
                  | mutation]
 83007 | Slime:4  | Gained mutation: Your muscles are strong. (Str +4, Int/Dex
                  | -1) [potion of mutation]
 83583 | Slime:5  | Identified the +10 plate armour of Firhal {Int+3 Stlth+}
                  | (Okawaru gifted it to you on level 5 of the Pits of Slime)
 83583 | Slime:5  | Received a gift from Okawaru
 83758 | Slime:5  | Noticed the Royal Jelly
 84134 | Slime:4  | Paralysed by a great orb of eyes for 4 turns
 84373 | Slime:5  | Found a viscous altar of Jiyva.
 84697 | Slime:5  | Killed the Royal Jelly
 84767 | Slime:5  | Identified the +5 shortbow "Ciaz" {drain, Str+8}
 84769 | Slime:5  | Got a slimy rune of Zot
 84789 | Slime:5  | Identified the ring "Wyagaot" {Will+ Int+2 SInv}
 84819 | Slime:5  | Identified the +5 quick blade of Awevuxor {flame, rF+
                  | Stlth+}
 84854 | Slime:5  | Identified the +8 hand axe of Accord {holy, rCorr}
 85682 | Depths:4 | Fell from the grace of Okawaru
 85682 | Depths:4 | Became a worshipper of the Shining One
 85955 | Crypt:1  | Entered Level 1 of the Crypt
 86109 | Crypt:1  | Reached * piety under the Shining One
 86277 | Crypt:1  | Reached ** piety under the Shining One
 86288 | Crypt:1  | Reached skill level 5 in Throwing
 86294 | Crypt:1  | Reached *** piety under the Shining One
 86303 | Crypt:1  | Reached skill level 27 in Shields
 86527 | Crypt:1  | Reached **** piety under the Shining One
 86758 | Crypt:1  | Noticed Boris
 86762 | Crypt:1  | Killed Boris
 87200 | Crypt:1  | Reached ***** piety under the Shining One
 88905 | Crypt:2  | Reached ****** piety under the Shining One
 89046 | Crypt:2  | Found the +6 arbalest "Damnation" {damnation}
 90210 | Crypt:2  | Reached XP level 27. HP: 273/273 MP: 1/31
 90855 | Crypt:2  | Noticed a dread lich
 90860 | Crypt:2  | Killed a dread lich
 91346 | Crypt:2  | Found the +6 Majin-Bo {spellvamp, MP+6 Int+6}
 91508 | Crypt:3  | Entered Level 3 of the Crypt
 92012 | Crypt:3  | Found a staircase to the Tomb.
 93217 | Crypt:3  | Found an ancient bone altar of Kikubaaqudgha.
 93249 | Crypt:3  | Noticed Jory
 93257 | Crypt:3  | Killed Jory
 93419 | Crypt:3  | Identified the amulet of the Sharing Ancients {rPois Regen+
                  | Str+3 Dex+2 Stlth+}
 93419 | Crypt:3  | Identified the ring "Poablyug" {rF+ rN+}
 93419 | Crypt:3  | Identified the ring "Riskau Ofurr" {rN+ Dex+6}
 93539 | Crypt:3  | Identified the ring "Puts" {EV+5 Str-4 Slay+5}
 93550 | Crypt:3  | Got Experienced Spellcraft
 94877 | Depths:3 | Voluntarily entered the Abyss.
 95030 | Abyss:3  | Noticed an ancient lich
 95036 | Abyss:3  | Killed an ancient lich
 95325 | Abyss:3  | Was forgiven by Okawaru
 95754 | Abyss:3  | Found a corrupted altar of Lugonu.
 95801 | Depths:3 | Escaped the Abyss
 96232 | Depths:3 | Voluntarily entered the Abyss.
 96293 | Abyss:3  | Reached skill level 10 in Throwing
 96756 | Abyss:3  | Paralysed by accursed screaming for 1 turns
 96951 | Abyss:3  | Paralysed by accursed screaming for 1 turns
 97391 | Abyss:3  | Got an abyssal rune of Zot
 97602 | Abyss:3  | Paralysed by accursed screaming for 1 turns
 97673 | Depths:3 | Escaped the Abyss
 97971 | Tomb:1   | Entered Level 1 of the Tomb of the Ancients
 98314 | Tomb:1   | Got the Precepts of the Union
 98656 | Tomb:1   | Identified the +3 hand axe of Fatigue {speed, Will+ MP+9}
 99101 | Tomb:2   | Noticed Mennas
 99104 | Tomb:2   | Noticed a royal mummy
 99105 | Tomb:2   | Noticed a royal mummy
 99106 | Tomb:2   | Reached skill level 15 in Invocations
 99106 | Tomb:2   | Noticed a royal mummy
 99110 | Tomb:2   | Lost mutation: Your body sometimes deteriorates upon taking
                  | damage. [mutagenic glow]
 99112 | Tomb:2   | Killed a royal mummy
 99114 | Tomb:2   | Noticed a royal mummy
 99123 | Tomb:2   | Killed a royal mummy
 99124 | Tomb:2   | Reached skill level 27 in Armour
 99302 | Tomb:2   | Killed a royal mummy
 99305 | Tomb:2   | Killed a royal mummy
 99309 | Tomb:2   | Killed Mennas
 99817 | Tomb:1   | Noticed a royal mummy
 99822 | Tomb:1   | Noticed a royal mummy
 99833 | Tomb:1   | Killed a royal mummy
 99836 | Tomb:1   | Killed a royal mummy
 99964 | Tomb:1   | Noticed a royal mummy
 99970 | Tomb:1   | Killed a royal mummy
 99971 | Tomb:1   | Noticed a royal mummy
 99977 | Tomb:1   | Killed a royal mummy
 99981 | Tomb:1   | Noticed a royal mummy
 99995 | Tomb:1   | Killed a royal mummy
100051 | Tomb:1   | Noticed a royal mummy
100053 | Tomb:1   | Noticed a royal mummy
100054 | Tomb:1   | Killed a royal mummy
100057 | Tomb:1   | Noticed a royal mummy
100064 | Tomb:1   | Killed a royal mummy
100068 | Tomb:1   | Killed a royal mummy
100115 | Tomb:1   | Noticed a royal mummy
100117 | Tomb:1   | Noticed a royal mummy
100122 | Tomb:1   | Noticed a royal mummy
100123 | Tomb:1   | Killed a royal mummy
100125 | Tomb:1   | Killed a royal mummy
100127 | Tomb:1   | Killed a royal mummy
100132 | Tomb:1   | Noticed a royal mummy
100160 | Tomb:1   | Killed a royal mummy
100345 | Tomb:1   | Noticed a royal mummy
100359 | Tomb:1   | Killed a royal mummy
100751 | Tomb:2   | Identified the +4 ring mail "Elit" {Int+4}
101120 | Tomb:3   | Entered Level 3 of the Tomb of the Ancients
101143 | Tomb:3   | Noticed a royal mummy
101159 | Tomb:3   | Noticed a royal mummy
101160 | Tomb:3   | Noticed a royal mummy
101161 | Tomb:3   | Killed a royal mummy
101166 | Tomb:3   | Killed a royal mummy
101171 | Tomb:3   | Killed a royal mummy
101196 | Tomb:3   | Noticed a royal mummy
101202 | Tomb:3   | Noticed a royal mummy
101206 | Tomb:3   | Killed a royal mummy
101209 | Tomb:3   | Killed a royal mummy
101210 | Tomb:3   | Noticed a royal mummy
101212 | Tomb:3   | Noticed a royal mummy
101218 | Tomb:3   | Noticed a royal mummy
101219 | Tomb:3   | Noticed a royal mummy
101223 | Tomb:3   | Killed a royal mummy
101252 | Tomb:3   | Killed a royal mummy
101277 | Tomb:3   | Killed a royal mummy
101367 | Tomb:3   | Killed a royal mummy
101370 | Tomb:3   | Got a golden rune of Zot
101431 | Tomb:3   | Found the amulet of the Four Winds {rN+ Will+++ Clar}
101440 | Tomb:3   | Found the +7 Spriggan's Knife {stab, EV+4 Stlth+}
101457 | Tomb:3   | Identified the staff of poison "Ocoat" {Drain rPois Str+5}
101457 | Tomb:3   | Found the +10 morningstar "Eos" {elec, Halo rElec}
102104 | Hell     | Entered the Vestibule of Hell
102104 | Hell     | Noticed Geryon
102113 | Hell     | Killed Geryon
102229 | Hell     | Found a gateway to the freezing wastes of Cocytus.
102309 | Hell     | Found a gateway to the decaying netherworld of Tartarus.
102375 | Hell     | Found a gateway to the ashen valley of Gehenna.
103018 | Hell     | Found a gateway to the Iron City of Dis.
103406 | Coc:1    | Entered Level 1 of Cocytus
103410 | Coc:1    | Reached skill level 15 in Throwing
103414 | Coc:1    | Noticed a dread lich
103418 | Coc:1    | Killed a dread lich
104816 | Coc:7    | Entered Level 7 of Cocytus
106539 | Coc:7    | Paralysed by a wendigo for 1 turns
106551 | Coc:7    | Paralysed by a wendigo for 1 turns
107343 | Coc:7    | Noticed Antaeus
107375 | Coc:7    | Killed Antaeus
107553 | Coc:7    | Got an icy rune of Zot
107749 | Dis:1    | Entered Level 1 of the Iron City of Dis
108496 | Dis:2    | Noticed a dread lich
108496 | Dis:2    | Noticed a dread lich
108497 | Dis:2    | Noticed an ancient lich
108497 | Dis:2    | Noticed an ancient lich
108497 | Dis:2    | Noticed an ancient lich
108503 | Dis:2    | Killed an ancient lich
108505 | Dis:2    | Killed a dread lich
108510 | Dis:2    | Killed an ancient lich
108512 | Dis:2    | Killed an ancient lich
108513 | Dis:2    | Noticed a dread lich
108514 | Dis:2    | Noticed an ancient lich
108517 | Dis:2    | Killed a dread lich
108522 | Dis:2    | Killed an ancient lich
108523 | Dis:2    | Reached skill level 27 in Dodging
108525 | Dis:2    | Killed a dread lich
109428 | Dis:6    | Noticed an ancient lich
109445 | Dis:6    | Killed an ancient lich
109947 | Dis:7    | Entered Level 7 of the Iron City of Dis
110269 | Dis:7    | Noticed a juggernaut
110286 | Dis:7    | Killed a juggernaut
110655 | Dis:7    | Noticed a juggernaut
110669 | Dis:7    | Killed a juggernaut
111695 | Dis:7    | Noticed a juggernaut
111706 | Dis:7    | Killed a juggernaut
111774 | Dis:7    | Noticed the Serpent of Hell
111793 | Dis:7    | Killed the Serpent of Hell
112048 | Dis:7    | Noticed Dispater
112067 | Dis:7    | Killed Dispater
112091 | Dis:7    | Got an iron rune of Zot
112334 | Tar:1    | Entered Level 1 of Tartarus
112660 | Tar:1    | Found a huge runed gate.
112660 | Tar:1    | Found a huge runed gate.
112810 | Tar:1    | Found a huge runed gate.
112812 | Tar:1    | Found a huge runed gate.
112813 | Tar:1    | Found a huge runed gate.
112814 | Tar:1    | Found a huge runed gate.
112815 | Tar:1    | Found a huge runed gate.
112815 | Tar:1    | Found a huge runed gate.
112815 | Tar:1    | Found a huge runed gate.
112816 | Tar:1    | Found a huge runed gate.
112823 | Tar:1    | Found a huge runed gate.
112823 | Tar:1    | Found a huge runed gate.
112823 | Tar:1    | Found a huge runed gate.
112823 | Tar:1    | Found a huge runed gate.
112823 | Tar:1    | Found a huge runed gate.
112823 | Tar:1    | Found a huge runed gate.
112824 | Tar:1    | Found a huge runed gate.
112825 | Tar:1    | Found a huge runed gate.
112826 | Tar:1    | Found a huge runed gate.
112835 | Tar:1    | Found a huge runed gate.
112835 | Tar:1    | Found a huge runed gate.
112835 | Tar:1    | Found a huge runed gate.
112835 | Tar:1    | Found a huge runed gate.
112836 | Tar:1    | Found a huge runed gate.
112837 | Tar:1    | Found a huge runed gate.
112838 | Tar:1    | Found a huge runed gate.
112839 | Tar:1    | Found a huge runed gate.
112840 | Tar:1    | Found a huge runed gate.
112849 | Tar:1    | Found a huge runed gate.
112849 | Tar:1    | Found a huge runed gate.
112849 | Tar:1    | Found a huge runed gate.
112849 | Tar:1    | Found a huge runed gate.
112849 | Tar:1    | Found a huge runed gate.
112849 | Tar:1    | Found a huge runed gate.
112850 | Tar:1    | Found a huge runed gate.
112851 | Tar:1    | Found a huge runed gate.
113899 | Tar:6    | Noticed an ancient lich
113904 | Tar:6    | Killed an ancient lich
114107 | Tar:7    | Entered Level 7 of Tartarus
114230 | Tar:7    | Noticed an ancient lich
114237 | Tar:7    | Killed an ancient lich
114377 | Tar:7    | Got Doen's Spellbook of Generative Peregrination
114404 | Tar:7    | Identified the staff of death "Rusob" {rN+ Dex+3}
114405 | Tar:7    | Identified the ring of the Pariah {rCorr Int+5}
114501 | Tar:7    | Noticed a dread lich
114507 | Tar:7    | Paralysed by a dread lich for 3 turns
114511 | Tar:7    | Killed a dread lich
114661 | Tar:7    | Noticed an ancient lich
114664 | Tar:7    | Killed an ancient lich
114775 | Tar:7    | Noticed a dread lich
114779 | Tar:7    | Killed a dread lich
114895 | Tar:7    | Noticed Ereshkigal
114903 | Tar:7    | Killed Ereshkigal
114925 | Tar:7    | Got a bone rune of Zot
115054 | Geh:1    | Entered Level 1 of Gehenna
115239 | Geh:2    | Noticed an ancient lich
115246 | Geh:2    | Killed an ancient lich
116048 | Geh:4    | Found a runed translucent gate.
116048 | Geh:4    | Found a runed translucent gate.
116049 | Geh:4    | Found a runed translucent gate.
116050 | Geh:4    | Found a runed translucent gate.
116051 | Geh:4    | Found a runed translucent gate.
116052 | Geh:4    | Found a runed translucent gate.
116052 | Geh:4    | Found a runed translucent gate.
116061 | Geh:4    | Found a runed translucent gate.
116061 | Geh:4    | Found a runed translucent gate.
116061 | Geh:4    | Found a runed translucent gate.
116061 | Geh:4    | Found a runed translucent gate.
116061 | Geh:4    | Found a runed translucent gate.
117956 | Geh:7    | Entered Level 7 of Gehenna
118396 | Geh:7    | Reached skill level 27 in Invocations
118741 | Geh:7    | Noticed a dread lich
118745 | Geh:7    | Killed a dread lich
118853 | Geh:7    | Identified the +7 quarterstaff "Omelette" {heavy, rF+}
119005 | Geh:7    | Found the +13 sceptre of Asmodeus
119005 | Geh:7    | Noticed Asmodeus
119013 | Geh:7    | Killed Asmodeus
119027 | Geh:7    | Got an obsidian rune of Zot
119053 | Geh:7    | Got the Essays on Misfortune
119252 | Pan      | Entered Pandemonium
119651 | Pan      | Noticed Coklumics the pandemonium lord
119679 | Pan      | Killed Coklumics the pandemonium lord
119780 | Pan      | Entered the realm of Mnoleg.
119989 | Pan      | Reached skill level 27 in Throwing
120008 | Pan      | Noticed Mnoleg
120017 | Pan      | Killed Mnoleg
120018 | Pan      | Reached skill level 1 in Stealth
120053 | Pan      | Got a glowing rune of Zot
120087 | Pan      | Gained mutation: You occasionally shout uncontrollably at
                  | your foes. [a cacodemon]
120092 | Pan      | Entered the realm of Cerebov.
120496 | Pan      | Found the +6 sword of Cerebov {flame}
120496 | Pan      | Noticed Cerebov
120503 | Pan      | Identified the amulet "Loxan" {Faith Regen+}
120532 | Pan      | Killed Cerebov
120604 | Pan      | Got the Tractate on Scree
120605 | Pan      | Identified the staff of cold "Liletuel" {+Blink rC+ Int+5}
120698 | Pan      | Got a fiery rune of Zot
120894 | Pan      | Reached skill level 5 in Stealth
120931 | Pan      | Found an exit through the horrors of the Abyss.
121079 | Pan      | Noticed Xeommiko the pandemonium lord
121116 | Pan      | Killed Xeommiko the pandemonium lord
121174 | Pan      | Reached skill level 15 in Evocations
121330 | Pan      | Noticed Kiarrade the pandemonium lord
121338 | Pan      | Killed Kiarrade the pandemonium lord
121380 | Pan      | Entered the realm of Gloorx Vloq.
121380 | Pan      | Found an exit through the horrors of the Abyss.
121903 | Pan      | Noticed Gloorx Vloq
121910 | Pan      | Killed Gloorx Vloq
122021 | Pan      | Got a dark rune of Zot
122054 | Pan      | Reached skill level 10 in Stealth
122438 | Pan      | Gained mutation: You are occasionally teleported next to
                  | monsters. [a cacodemon]
122442 | Pan      | Lost mutation: You have supernaturally acute eyesight.
                  | (SInv) [potion of mutation]
122442 | Pan      | Lost mutation: You have large cloven feet. [potion of
                  | mutation]
122442 | Pan      | Lost mutation: You are dopey. (Int -2) [potion of mutation]
122442 | Pan      | Gained mutation: Your spells are harder to cast, but more
                  | powerful. [potion of mutation]
122443 | Pan      | Lost mutation: Your muscles are strong. (Str +4, Int/Dex
                  | -1) [potion of mutation]
122443 | Pan      | Lost mutation: Your spells are harder to cast, but more
                  | powerful. [potion of mutation]
122443 | Pan      | Gained mutation: You are frail. (-10% HP) [potion of
                  | mutation]
122444 | Pan      | Lost mutation: You are occasionally teleported next to
                  | monsters. [potion of mutation]
122444 | Pan      | Lost mutation: You occasionally shout uncontrollably at
                  | your foes. [potion of mutation]
122444 | Pan      | Gained mutation: You expend magic power (3 MP) to
                  | strengthen your wands. [potion of mutation]
122445 | Pan      | Lost mutation: You are frail. (-10% HP) [potion of
                  | mutation]
122445 | Pan      | Lost mutation: Your spells are a little harder to cast, but
                  | a little more powerful. [potion of mutation]
122445 | Pan      | Lost mutation: You expend magic power (3 MP) to strengthen
                  | your wands. [potion of mutation]
122445 | Pan      | Gained mutation: You occasionally lose the ability to drink
                  | potions when taking damage. [potion of mutation]
122445 | Pan      | Gained mutation: You passively dampen the noise of your
                  | surroundings. [potion of mutation]
122445 | Pan      | Gained mutation: You possess an exceptional clarity of
                  | mind. [potion of mutation]
122446 | Pan      | Lost mutation: You occasionally lose the ability to drink
                  | potions when taking damage. [potion of mutation]
122446 | Pan      | Lost mutation: You passively dampen the noise of your
                  | surroundings. [potion of mutation]
122446 | Pan      | Lost mutation: You possess an exceptional clarity of mind.
                  | [potion of mutation]
122446 | Pan      | Gained mutation: You occasionally lose the ability to read
                  | scrolls when taking damage. [potion of mutation]
122446 | Pan      | Gained mutation: You have an increased reservoir of magic.
                  | (+10% MP) [potion of mutation]
122446 | Pan      | Gained mutation: You passively map a small area around you.
                  | [potion of mutation]
122447 | Pan      | Lost mutation: You occasionally lose the ability to read
                  | scrolls when taking damage. [potion of mutation]
122447 | Pan      | Lost mutation: You passively map a small area around you.
                  | [potion of mutation]
122447 | Pan      | Lost mutation: You have an increased reservoir of magic.
                  | (+10% MP) [potion of mutation]
122447 | Pan      | Gained mutation: You occasionally shout uncontrollably at
                  | your foes. [potion of mutation]
122447 | Pan      | Gained mutation: Armour fits poorly on your strangely
                  | shaped body. [potion of mutation]
122447 | Pan      | Gained mutation: Your flesh is cold resistant. (rC+)
                  | [potion of mutation]
122447 | Pan      | Gained mutation: Your system is resistant to poisons.
                  | (rPois) [potion of mutation]
122448 | Pan      | Lost mutation: You occasionally shout uncontrollably at
                  | your foes. [potion of mutation]
122448 | Pan      | Lost mutation: Your flesh is cold resistant. (rC+) [potion
                  | of mutation]
122448 | Pan      | Gained mutation: You have hidden genetic defects. [potion
                  | of mutation]
122448 | Pan      | Gained mutation: You have a pair of large horns on your
                  | head. [potion of mutation]
122449 | Pan      | Lost mutation: You have hidden genetic defects. [potion of
                  | mutation]
122449 | Pan      | Lost mutation: You have a pair of large horns on your head.
                  | [potion of mutation]
122449 | Pan      | Lost mutation: Armour fits poorly on your strangely shaped
                  | body. [potion of mutation]
122449 | Pan      | Gained mutation: You are vulnerable to cold. (rC-) [potion
                  | of mutation]
122449 | Pan      | Gained mutation: You passively map a small area around you.
                  | [potion of mutation]
122449 | Pan      | Gained mutation: You occasionally lose the ability to read
                  | scrolls when taking damage. [potion of mutation]
122449 | Pan      | Gained mutation: You have large cloven feet. [potion of
                  | mutation]
122603 | Pan      | Noticed Nenuri the pandemonium lord
122615 | Pan      | Killed Nenuri the pandemonium lord
123365 | Pan      | Gained mutation: You occasionally shout uncontrollably at
                  | your foes. [a cacodemon]
123612 | Pan      | Lost mutation: You are vulnerable to cold. (rC-) [potion of
                  | mutation]
123612 | Pan      | Lost mutation: Your system is resistant to poisons. (rPois)
                  | [potion of mutation]
123612 | Pan      | Lost mutation: You occasionally shout uncontrollably at
                  | your foes. [potion of mutation]
123612 | Pan      | Gained mutation: You are agile. (Dex +4, Str/Int -1)
                  | [potion of mutation]
123612 | Pan      | Lost mutation: You passively map a small area around you.
                  | [potion of mutation]
123612 | Pan      | Gained mutation: You expend magic power (3 MP) to
                  | strengthen your wands. [potion of mutation]
123613 | Pan      | Lost mutation: You expend magic power (3 MP) to strengthen
                  | your wands. [potion of mutation]
123613 | Pan      | Lost mutation: You occasionally lose the ability to read
                  | scrolls when taking damage. [potion of mutation]
123613 | Pan      | Gained mutation: Your body sometimes deteriorates upon
                  | taking damage. [potion of mutation]
123613 | Pan      | Gained mutation: You are robust. (+10% HP) [potion of
                  | mutation]
123613 | Pan      | Gained mutation: You are very agile. (Dex +8, Str/Int -2)
                  | [potion of mutation]
125042 | Pan      | Got a demonic rune of Zot
125139 | Pan      | Entered the realm of Lom Lobon.
126289 | Pan      | Noticed Lom Lobon
126307 | Pan      | Killed Lom Lobon
126311 | Pan      | Got a magical rune of Zot
126523 | Pan      | Found an exit through the horrors of the Abyss.
126532 | Pan      | Took an exit into the Abyss.
126532 | Abyss:3  | Escaped into the Abyss
126533 | Abyss:3  | Found a candlelit altar of Ignis.
126579 | Depths:2 | Escaped the Abyss
126822 | Zot:5    | Got the Orb of Zot
126885 | Zot:2    | Noticed Faveni the pandemonium lord
126895 | Zot:2    | Killed Faveni the pandemonium lord
127118 | D:11     | Noticed Ymena the pandemonium lord
127120 | D:11     | Noticed an ancient lich
127128 | D:11     | Killed Ymena the pandemonium lord
127134 | D:11     | Killed an ancient lich
127320 | D:$      | Escaped with the Orb!

Illustrated notes

Levels and vault maps discovered:
D:1:      dpeg_arrival_boxes_within_box, layout_basic, glass_columns_c
D:2:      layout_loops_ring, chequers_serial_rivers_large_b, dk_noncrumbling_3,
          kennysheep_generic_room_3
D:3:      layout_loops_cross, trog_hazing_becter, serial_shops, shop,
          minivault_27
D:4:      layout_rooms, minmay_temple_entry_trees
D:5:      layout_loops_ring, gup_ossuary_entry_pyramid,
          corexii_leaking_fountain, grunt_decor_clamped
D:6:      layout_basic, st_stairs_9, minmay_mini_ossuary
D:7:      layout_rooms, cheibrodos_ashenzari_chains, serial_shops,
          nicolae_stop_n_shop_2
D:8:      layout_loops_ring
D:9:      layout_loops_cross, grunt_temple_overflow_open, patterned_corridor
D:10:     layout_roguey, serial_shops, shop
D:11:     layout_loops_cross, david_lair_shrubbed, david_orc_4,
          hangedman_abyss_or_decor_clamps
D:12:     layout_gridville, serial_shops, nicolae_shop_dealshenge
D:13:     layout_roguey, ximxim_vaults_locker_room,
          nicolae_trove_entry_crossroad, special_room [special_room_orc],
          uniq_frances, uniq_snorg
D:14:     layout_basic, gauntlet_entry_generic
D:15:     hangedman_depths_entry_try_elsewhere_first, layout_basic,
          serial_park_square3 [serial_park_minivault_5x5_1],
          serial_corexii_hall, chequers_hall_statues_wall_a,
          corexii_hall_statues_x
Temple:   eino_wide_crystal_templ
Lair:1:   layout_layer_cave, uniq_gastronok, uniq_joseph, uniq_maggie
Lair:2:   layout_layer_cave, skrybe_swamp_entry_bodies, uniq_harold
Lair:3:   layout_layer_cave, guppyfry_snake_entry_island, grunt_megastairs_4
Lair:4:   layout_cave_pods, wad_woods_river_03, nzn_sisyphean_effort,
          infiniplex_staircase_pool_2
Lair:5:   guppyfry_lair_end_dragon, layout_loops_ring, wormcave,
          minmay_slime_entry_pillars, serial_bayou_shore_b, grunt_megastairs_1,
          lemuel_fruit_fields, uniq_josephine, uniq_sonja
Swamp:1:  layout_basic_swamp, evilmike_swamp_ruin_house_6, swamp_pool2,
          nicolae_swamp_nymph_family_reunion, uniq_louise
Swamp:2:  layout_basic_swamp, evilmike_swamp_ruin_house_1,
          infiniplex_staircase_pool, uniq_jorgrun
Swamp:3:  layout_falls_marsh, evilmike_swamp_ruin_house_2
Swamp:4:  nzn_swamp_witches_coven, layout_basic_swamp, swamp_pool3
Snake:1:  layout_layer_cave, basic_altar, grunt_ministairs_7, grunt_megastairs_2
Snake:2:  layout_onion_interference, grunt_ministairs_8, nicolae_triple_integral
Snake:3:  layout_rooms, uniq_aizul
Snake:4:  johnstein_snake_rune_scales, layout_misc_corridors
Slime:1:  layout_caves
Slime:2:  layout_caves
Slime:3:  layout_caves
Slime:4:  nicolae_slime_pool, layout_caves
Slime:5:  uniq_dissolution
Orc:1:    layout_caves, basic_altar, ebering_ghost_disaster_area
Orc:2:    st_orc_rangers, layout_caves, nicolae_orc_pool_cavern, rock_pile,
          uniq_nessos, uniq_rupert
Elf:1:    eino_elf_arrival_customs, layout_loops_corners, serial_shops,
          nicolae_shop_bloodbath_and_beyond, minmay_elf_demonology, uniq_agnes
Elf:2:    elven_hall_of_blades_hangedman_alternative
          [nooodl_blade_entry_preview], layout_loops_cross,
          gammafunk_ghost_grave, minivault_27, drop_trap,
          amcnicky_mini_pool_small, einodemon_armed_red_devil_minivault
Elf:3:    minmay_elf_hall_not_hex, layout_geoelf_octagon,
          einodemon_crawler_minivault
Vaults:1: nicolae_vaults_two_Ls, v_pattern_4, vaults_room_door_hall, st_cross,
          ontoclasm_vaults_spin, nicolae_vaults_border_crossing,
          nicolae_vaults_trapezoid_lopsided_4, v_misc_10,
          nicolae_vaults_tetromino_L_1, ontoclasm_vaults_decontamination,
          layout_vaults_omnigrid
Vaults:2: minmay_crypt_entry_simple_corners, nicolae_vaults_triangles,
          nicolae_vaults_offset_grid_hallway_2, hangedman_vaults_snaps,
          nicolae_vaults_network_periphery, v_misc_15, ontoclasm_vaults_hangar,
          nicolae_vaults_big_ls, nicolae_vaults_three_branches,
          vaults_mumra_chevron, st_lines, vaults_dpeg_encased_lava,
          nicolae_vaults_mini_display_case, layout_vaults_maze
Vaults:3: portal_desolation_entry_nicolae_nacl, ontoclasm_vaults_ring_small,
          hangedman_vaults_river_flow, v_misc_17,
          nicolae_vaults_trapezoid_lopsided_1, nicolae_vaults_two_Ls,
          nicolae_vaults_apartment_1, nicolae_vaults_taking_the_gang_shopping,
          layout_vaults_big_room, serial_shops, shop
Vaults:4: nicolae_vaults_doubleplus_tesselated, v_misc_3, v_pattern_3, v_misc_5,
          nicolae_vaults_house_2, nicolae_vaults_oval_intersection,
          grunt_vaults_hallway_long, vaults_room_fancy_cross,
          vaults_standard_mumra_lines, v_rooms_2, nicolae_vaults_specimen_jars,
          layout_vaults_big_cross, serial_shops, nicolae_lakefront_shop
Vaults:5
Crypt:1:  layout_basic, grunt_ministairs_4
Crypt:2:  minmay_guarded_unrand_majin_bo, layout_basic
Crypt:3:  church_of_pain_bobbens, layout_chaotic_city, st_stairs_11,
          minivault_14
Tomb:1
Tomb:2:   uniq_mennas
Tomb:3
Depths:1: layout_honeycomb, ziggurat_fallback, nicolae_wu_jian_wuxing_cycle,
          pf_vacation_house_of_asmodeus, minmay_starry_boxes,
          infiniplex_staircase_pool_lava, uniq_mara
Depths:2: minmay_textured_paths, layout_gridlike, hangedman_coc_ice_floe,
          rand_demon_pan_entry_3, nicolae_vehumet_radiance,
          roderic_lattice_octagonal_star
Depths:3: hangedman_screamer, layout_basic, hangedman_abyss_entry_splay,
          hangedman_abyss_or_decor_slice, rand_demon_pan_entry_4, hell_entry,
          serial_bayou_shore_a
Depths:4: grunt_zot_entry_bicorn, layout_cave_shapes, good_gods_temple_1,
          hell_entry
Hell
Dis:1:    layout_regular_city, nicolae_dis_big_boring_drill
Dis:2:    layout_subdivisions, nicolae_hells_leichenhalle
Dis:3:    layout_subdivisions
Dis:4:    layout_overlapping_boxes
Dis:5:    layout_regular_city
Dis:6:    layout_gridville
Dis:7:    dis_grunt_layers
Geh:1:    layout_gehenna_lava_caves
Geh:2:    layout_gehenna_lava_caves
Geh:3:    layout_gehenna_pools_basic
Geh:4:    layout_gehenna_lava_caves, nicolae_geh_backdraft
Geh:5:    layout_gehenna_lava_caves
Geh:6:    layout_gehenna_pools_triple
Geh:7:    geh_old
Coc:1:    nooodl_cocytus_jagged_cave
Coc:2:    layout_cocytus_water_paths
Coc:3:    layout_cocytus_delve
Coc:4:    layout_ice_bergs, nicolae_hells_hurtin_island
Coc:5:    layout_cocytus_water_paths
Coc:6:    layout_cocytus_water_paths
Coc:7:    coc_grunt_cove [coc_grunt_cove_antaeus, coc_grunt_cove_fiend,
          coc_grunt_cove_fiend, coc_grunt_cove_fiend, coc_grunt_cove_fiend]
Tar:1:    layout_grid_maze, door_vault
Tar:2:    layout_grid_maze
Tar:3:    layout_catacombs
Tar:4:    layout_grid_maze, nicolae_tar_four_comb_rooms
Tar:5:    layout_catacombs
Tar:6:    layout_grid_maze, nicolae_hells_seeping_fissure
Tar:7:    tar_old
Zot:1:    kennysheep_spiral_hall, layout_gridlike
Zot:2:    layout_misc_corridors
Zot:3:    gammafunk_sealed_library, layout_gridlike, uniq_josephina
Zot:4:    grunt_zot_stairs_faceoff, layout_cellular_growth, uniq_vv
Zot:5:    layout_cathedral_of_symmetry

Skill      XL: |  1  2  3  4  5  6  7  8  9 10 11 12 13 14 15 16 17 18 19 20 21 22 23 24 25 26 27 |
---------------+----------------------------------------------------------------------------------+-----
Axes           | 4 5 6 8 9 11 14 17 20 21 22 23 25 26 27 | 27.0
Fighting       | 8 11 14 16 18 22 26 27 | 27.0
Dodging        | 7 10 11 12 14 16 17 19 27 | 27.0
Invocations    | 1 8 12 27 | 27.0
Armour         | 4 10 14 16 18 20 22 23 27 | 27.0
Evocations     | 9 12 13 18 | 18.1
Maces & Flails | 9 12 13 | 13.4
Shields        | 10 19 25 27 | 27.0
Throwing       | 6 27 | 27.0
Stealth        | 13 | 13.1

Action                     |  1- 3 |  4- 6 |  7- 9 | 10-12 | 13-15 | 16-18 | 19-21 | 22-24 | 25-27 || total
---------------------------+-------+-------+-------+-------+-------+-------+-------+-------+-------++-------
  Melee: Hand axe          |    18 |    38 |   314 |   275 |       |       |       |       |       ||   645
         Headbutt          |     8 |    15 |    92 |   103 |   258 |   229 |   277 |   300 |  1521 ||  2803
         War axe           |    47 |    42 |       |       |       |       |       |       |       ||    89
         Executioner's axe |       |       |       |   129 |    54 |    89 |     9 |   419 |   655 ||  1355
         Battleaxe         |       |       |       |       |   919 |   758 |  1057 |   636 |       ||  3370
         Labrys            |       |       |       |       |       |       |       |       |  4199 ||  4199
  Throw: Javelin           |       |       |       |       |       |       |       |       |     9 ||     9
 Invoke: Heroism           |       |       |     3 |     5 |     9 |     4 |     3 |     5 |     2 ||    31
         Finesse           |       |       |       |       |     3 |     1 |       |     4 |     8 ||    16
         Summon Divine War |       |       |       |       |       |       |       |       |    38 ||    38
         Divine Shield     |       |       |       |       |       |       |       |       |    31 ||    31
  Evoke: Wand              |       |       |     6 |     6 |     1 |       |       |     2 |   121 ||   136
         Phantom mirror    |       |       |       |       |       |       |       |       |     1 ||     1
    Use: Scroll            |       |       |       |     2 |    21 |     5 |     7 |     6 |    23 ||    64
         Potion            |       |       |       |       |     4 |     1 |       |     2 |    41 ||    48
   Stab: Paralysed         |       |       |     4 |       |       |       |       |       |       ||     4
         Sleeping          |       |       |       |     1 |       |       |       |       |       ||     1
         Petrified         |       |       |       |       |     1 |       |       |       |       ||     1
         Distracted        |       |       |       |       |       |       |     1 |       |       ||     1
         Confused          |       |       |       |       |       |       |       |     3 |       ||     3
 Armour: Robe              |    19 |    17 |    54 |       |       |       |       |       |       ||    90
         Troll leather arm |       |       |       |    50 |    39 |       |       |       |       ||    89
         Acid dragon scale |       |       |       |     8 |       |       |       |       |       ||     8
         Plate armour      |       |       |       |       |   472 |   313 |       |       |       ||   785
         Crystal plate arm |       |       |       |       |       |   117 |   889 |   897 |  2166 ||  4069
  Dodge: Dodged            |    36 |    61 |   102 |   204 |   682 |   453 |   483 |   546 |  1635 ||  4202
  Block: Kite shield       |       |       |       |       |       |       |       |       |  3408 ||  3408
